 Dungeon Crawl Stone Soup version 0.18.1-6-gd335043 (webtiles) character file.

12999825 NoLuckNoSkill the Heavyweight Champion (level 27, 319/323 HPs)
             Began as a Troll Monk on May 18, 2016.
             Was the Champion of Jiyva.
             Escaped with the Orb
             ... and 15 runes on May 20, 2016!
             The game lasted 09:31:36 (124883 turns).

NoLuckNoSkill the Heavyweight Champion (TrMo)     Turns: 124883, Time: 09:31:37

Health: 319/323    AC: 52    Str: 27    XL:     27
Magic:  42/42      EV: 19    Int:  7    God:    Jiyva [******]
Gold:   7814       SH: 25    Dex: 17    Spells: 0 memorised, 35 levels left

rFire  + + .     SeeInvis +       - Unarmed
rCold  + + +     Gourm    +     X - +12 gold dragon armour
rNeg   + + +     Faith    .     c - +5 shield {reflect}
rPois  +         Spirit   +     P - +2 hat of the Bear Spirit {Spirit, +Rage rN+ MR++}
rElec  +         Dismiss  .     C - +4 cloak "Bami" {rElec rN+ MP+9 Dex-4}
rCorr  +         Reflect  +     (gloves unavailable)
SustAt +         Harm     .     (boots unavailable)
MR     +++++     Clarity  +     K - necklace of Bloodlust {*Rage +Rage MR+ Str+2 Int-2 Slay+3 *Curse} (curse)
Stlth  ..........               T - ring of Prescription {rElec rC++ rN+}
                                U - ring "Kyaluyn" {SustAt rN+}

@: mildly poisoned (319 -> 319), almost entirely resistant to hostile
enchantments, extremely unstealthy
A: unfitting armour, beak, claws 3, hooves 2, horns 2, large bone plates 1,
rough black scales 1, yellow scales 1, see invisible, clarity, clever 1, fire
resistance 1, fast metabolism 3, gourmand, regeneration 2, shaggy fur 1, tough
skin 2, acidic bite, eyeballs 3, gelatinous body 1, pseudopods 1, evolution 2
a: Request Jelly, Jelly Paralyse, Slimify, Cure Bad Mutation, Renounce Religion,
Evoke Berserk Rage
0: Orb of Zot
}: 15/15 runes: decaying, slimy, silver, golden, iron, obsidian, icy, bone,
abyssal, demonic, glowing, magical, fiery, dark, gossamer


You escaped.
You worshipped Jiyva.
Jiyva was exalted by your worship.
You were full.

You visited 18 branches of the dungeon, and saw 93 of its levels.
You visited Pandemonium 1 time, and saw 36 of its levels.
You visited the Abyss 3 times.
You also visited: Ice Cave.

You collected 9878 gold pieces.
You spent 2064 gold pieces at shops.

Inventory:

Hand Weapons
 l - the +4 Staff of Dispater
   (You took it off Dispater on level 7 of the Iron City of Dis)
Armour
 c - a +5 shield of reflection (worn)
 C - the +4 cloak "Bami" (worn) {rElec rN+ MP+9 Dex-4}
   (You found it on level 3 of the Elven Halls)

   It affects your dexterity (-4).
   It insulates you from electricity.
   It protects you from negative energy.
   It affects your magic capacity (+9).
 I - the +3 fire dragon armour "Emaok" {rF++ rC- Str+5}
   (You found it on level 3 of the Elven Halls)

   It affects your strength (+5).
   It greatly protects you from fire.
   It makes you vulnerable to cold.
 P - the +2 hat of the Bear Spirit (worn) {Spirit, +Rage rN+ MR++}
   (You found it on level 5 of the Vaults)

   It protects you from negative energy.
   It affects your resistance to hostile enchantments.
   It lets you go berserk.
 X - a +12 gold dragon armour (worn)
Rods
 a - a +3 rod of inaccuracy (13/13)
   (You found it in Pandemonium)
Jewellery
 E - the macabre finger necklace {rN+}
   (You found it on level 5 of the Vaults)

   [amulet of nothing]

   It protects you from negative energy.
 K - the cursed necklace of Bloodlust (around neck) {*Rage +Rage MR+ Str+2 Int-2 Slay+3 *Curse}
   (You found it on level 6 of the Pits of Slime)

   [amulet of rage]

   It affects your strength (+2).
   It affects your intelligence (-2).
   It affects your accuracy and damage with ranged weapons and melee attacks
   (+3).
   It affects your resistance to hostile enchantments.
   It lets you go berserk.
   It may make you go berserk in combat.
   It may re-curse itself when equipped.
   It has a curse placed upon it.
 Q - the ring of Syexzesk {rC+ MR+ Stlth-}
   (You bought it in a shop on level 13 of the Dungeon)

   [ring of loudness]

   It protects you from cold.
   It affects your resistance to hostile enchantments.
   It makes you less stealthy.
 T - the ring of Prescription (right claw) {rElec rC++ rN+}
   (You found it on level 3 of the Crypt)

   [ring of positive energy]

   It greatly protects you from cold.
   It insulates you from electricity.
   It protects you from negative energy.
 U - the ring "Kyaluyn" (left claw) {SustAt rN+}
   (You found it on level 8 of the Lair of Beasts)

   [ring of sustain attributes]

   It sustains your strength, intelligence and dexterity.
   It protects you from negative energy.
Wands
 f - a wand of heal wounds (4/9)
 q - a wand of digging (3/24)
 u - a wand of teleportation (4/9)
 B - a wand of lightning (2/15)
 D - a wand of heal wounds (8/9)
 R - a wand of hasting (4/9)
 W - a wand of iceblast (4/15)
Scrolls
 d - 11 scrolls of teleportation
 g - a scroll of magic mapping
 i - 3 scrolls of silence
 k - 4 scrolls of fear
 n - 20 scrolls of identify
 p - 9 scrolls of recharging
 t - 27 scrolls of remove curse
 G - 3 scrolls of blinking
 M - a scroll of summoning
 V - 6 scrolls of fog
 Y - 4 scrolls of holy word
Potions
 e - 3 potions of cure mutation
 j - 5 potions of curing
 m - a potion of ambrosia
 o - 5 potions of flight
 r - 2 potions of heal wounds
 s - 6 potions of berserk rage
 F - 3 potions of might
 J - 3 potions of invisibility
 N - 4 potions of cancellation
 O - 5 potions of agility
 Z - 7 potions of magic
Books
 x - a book of Annihilations

   Spells                             Type                      Level
   a - Poison Arrow                   Conjuration/Poison           6
   b - Chain Lightning                Conjuration/Air              8
   c - Lehudib's Crystal Spear        Conjuration/Earth            8
   d - Glaciate                       Conjuration/Ice              9
   e - Fire Storm                     Conjuration/Fire             9
 A - a book of Transfigurations

   Spells                             Type                      Level
   a - Irradiate                      Conjuration/Transmutation    5
   b - Statue Form                    Transmutation/Earth          6
   c - Hydra Form                     Transmutation                6
   d - Dragon Form                    Transmutation                7
 H - an Akashic Record

   Spells                             Type                      Level
   a - Dispersal                      Translocation                6
   b - Malign Gateway                 Summoning/Translocation      7
   c - Disjunction                    Translocation                8
   d - Controlled Blink               Translocation                8
 L - a Necronomicon

   Spells                             Type                      Level
   a - Haunt                          Necromancy/Summoning         7
   b - Borgnjor's Revivification      Necromancy                   8
   c - Death's Door                   Charms/Necromancy            8
   d - Necromutation                  Transmutation/Necromancy     8
Miscellaneous
 w - a legendary deck of summoning
 y - the horn of Geryon
 S - 4 phantom mirrors
Comestibles
 b - 12 bread rations


   Skills:
 O Level 27 Fighting
 O Level 27 Armour
 O Level 27 Dodging
 - Level 1.1 Stealth
 * Level 25.6 Shields
 O Level 27 Unarmed Combat
 - Level 4.6 Spellcasting
 + Level 15.9 Evocations


You had 35 spell levels left.
You didn't know any spells.

Dungeon Overview and Level Annotations

Branches:
Dungeon (15/15)            Temple (1/1) D:5            Lair (8/8) D:8
  Swamp (4/4) Lair:6       Spider (4/4) Lair:6        Slime (6/6) Lair:6
    Orc (2/2) D:9             Elf (3/3) Orc:2        Vaults (5/5) D:13
  Crypt (3/3) Vaults:3       Tomb (3/3) Crypt:3      Depths (5/5) D:15
   Hell (1/1)                 Dis (7/7) Hell            Geh (7/7) Hell
    Coc (7/7) Hell            Tar (7/7) Hell            Zot (5/5) Depths:5

Altars:
Ashenzari
Cheibriados
Dithmenos
Elyvilon
Fedhas
Gozag
Kikubaaqudgha
Makhleb
Nemelex Xobeh
Okawaru
Pakellas
Qazlal
Ru
Sif Muna
Trog
Vehumet
Xom
Yredelemnul
Zin
The Shining One
Beogh
Jiyva
Lugonu

Shops:
D:4 }   D:6 }   D:13 [[==[   Orc:2 *?=!   Vaults:1 (   Vaults:2 [   Vaults:3 *

Portals:
Hell: Depths:1 Depths:2 Depths:3 Depths:4 Depths:5
Abyss: Depths:2 Depths:3 Depths:4
Pandemonium: Depths:3
Ziggurat: Depths:4

Annotations:
Slime:6 Royal Jelly


Innate Abilities, Weirdness & Mutations

You are too large for most types of armour.
You have claws for hands.
Your metabolism is lightning-fast.
You like to eat raw meat.
You heal very quickly.
You are covered in fur (AC +1).
You have very tough skin (AC +2).
You have a beak for a mouth.
You have hoof-like feet.
You have a pair of horns on your head.
You are partially covered in large bone plates (AC +2, SH +2).
You are partially covered in rough black scales (AC +4, Dex -1).
You are partially covered in yellow scales (AC +2).
You have supernaturally acute eyesight.
You possess an exceptional clarity of mind.
Your mind is acute. (Int +2)
Your flesh is heat resistant.
You have acidic saliva.
Your body is completely covered in golden eyeballs (Acc +7, SInv).
Your rubbery body absorbs attacks (AC +1).
Armour fits poorly on your pseudopods.
You rapidly evolve.


Message History

The blast of poison engulfs you!!!
You are poisoned!
You resist!
You feel sick! The green death gestures at you! The poison arrow hits you!!!
You are more poisoned!
You enter the shallow water!
Moving in this stuff is going to be slow!
You feel very sick! The green death gestures at you!
The blast of poison misses you!
You feel sick!
You feel sick!
There is a staircase leading out of the dungeon here!
Unknown command!
You feel sick! You block the red devil's attack!
The green death gestures at you! The bolt of poison misses you!
You have escaped!!!

#.#.######(######.##.......
#.#.# ##.....## #..#.......
#####.#####...(...######.......
#...#.# ##.....(...# #..)....
#...'.# #..........### #.######
#...#####............###.#
#...# #.....≈§≈§........# #...#
##...≈...§...####.#
#...#####...≈.@2§.§..# #.#
#...'..###..≈..§4§..## #.#
#...##.#.....≈≈§.....# #.#
######.#............## #.#
########.##...........# #.#
.........###.........## #.#
##############.....### #.#
#........# #.....#######.#
#.######[# #.............#


You could see a green death and a red devil.

Vanquished Creatures
  Cerebov (Pan)
  Asmodeus (Geh:7)
  Antaeus (Coc:7)
  Gloorx Vloq (Pan)
  Ereshkigal (Tar:7)
  A seraph (Pan)
  the Serpent of Hell (Tar:7)
  Lom Lobon (Pan)
  Mnoleg (Pan)
  9 orbs of fire
  Dispater (Dis:7)
  Mara (Tomb:3)
  Mennas (Vaults:5)
  6 ancient liches
  A juggernaut (Depths:5)
  30 greater mummies
  28 pandemonium lords
  Saint Roka (Depths:4)
  6 shard shrikes
  Frederick (Vaults:4)
  4 Killer Klowns
  Margery (Depths:4)
  3 curse toes
  A caustic shrike (Depths:4)
  12 golden dragons
  Nikola (Swamp:2)
  4 iron giants (Dis:7)
  Geryon (Hell)
  7 bone dragons
  10 doom hounds
  A pearl dragon (Pan)
  28 Tzitzimimeh
  5 electric golems
  28 Brimstone Fiends
  28 Orb Guardians
  25 Hell Sentinels
  16 tentacled monstrosities
  45 Ice Fiends
  10 liches
  4 titans
  2 deep elf blademasters (Elf:2)
  2 deep elf master archers
  5 quicksilver dragons
  6 tentacled starspawn (Abyss:5)
  47 Executioners
  5 death cobs
  8 ancient champions
  13 sphinxes
  Agnes (Spider:1)
  16 storm dragons
  The ghost of Bubs the Blocker, an adept FoFi of Qazlal (Swamp:3)
  3 thorn hunters
  6 revenants
  8 tengu reavers
  2 eldritch tentacles
  14 shadow dragons
  21 daevas
  A draconian monk (Zot:1)
  6 deep elf sorcerers
  Donald (Crypt:2)
  21 fire giants
  11 frost giants
  4 draconian scorchers
  4 emperor scorpions
  10 vault wardens
  26 angels (Pan)
  48 balrugs
  8 draconian knights
  2 orc warlords
  7 iron dragons
  21 chaos champions (Pan)
  7 ghost moths
  Maud (D:11)
  55 cacodemons
  3 deep elf elementalists (Elf:3)
  Louise (Swamp:2)
  14 warmongers (Pan)
  14 ghouls
  6 draconian zealots
  53 reapers
  5 spriggan defenders
  17 ironheart preservers
  6 draconian shifters
  3 curse skulls
  9 draconian annihilators
  6 draconian callers
  11 ophanim (Pan)
  3 elemental wellsprings
  26 stone giants
  7 deep elf demonologists
  22 war gargoyles
  25 blood saints (Pan)
  7 vampire knights
  9 salamander stormcallers
  22 corrupters (Pan)
  29 very ugly things
  10 black draconians
  11 yellow draconians
  13 bennus
  7 deep elf annihilators
  20 apis (Pan)
  9 purple draconians
  8 green draconians
  12 red draconians
  28 lorocyprocas
  11 white draconians
  15 black suns (Pan)
  15 ettins
  17 spark wasps
  13 deep elf death magi
  11 mottled draconians
  23 green deaths
  73 blizzard demons
  Josephine (Swamp:1)
  21 mummy priests
  3 jiangshi
  5 eidola
  27 vault guards
  5 deep elf high priests
  22 fire dragons
  7 quicksilver dragon zombies
  3 entropy weavers
  18 yaktaur captains
  An entropy weaver (shapeshifter) (Vaults:5)
  6 rakshasas
  2 spriggan air magi
  11 hell beasts (Pan)
  The ghost of Zebulonius the Severer, a journeyman MiBe of Trog (Lair:1)
  2 quicksilver dragon skeletons
  19 hydras
  A kraken zombie (Coc:7)
  9 centaur warriors
  6 ghost crabs
  27 ice dragons
  30 monstrous demonspawn (Pan)
  4 death knights
  29 dancing weapons
  10 alligators
  10 deep troll shamans
  The ghost of Chiseanne the Spry, a journeyman SpHu of Gozag (Orc:2)
  12 tengu warriors
  5 death yaks
  10 ogre magi
  7 deep troll earth magi
  16 hell hogs
  3 orc high priests (Orc:2)
  Urug (D:13)
  A shock serpent (shapeshifter) (Vaults:3)
  6 spriggan berserkers
  3 titan zombies
  6 vampire magi
  10 thrashing horrors
  13 iron golems
  111 soul eaters
  143 sun demons
  Sonja (Lair:3)
  17 deep elf knights
  3 storm dragon zombies
  4 titan skeletons
  3 wretched stars (Abyss:5)
  103 skeletal warriors
  48 hell knights
  21 shadow wraiths
  2 fire crabs
  91 death scarabs
  A salamander mystic (Vaults:3)
  19 iron trolls
  6 storm dragon skeletons
  2 unseen horrors
  14 cherubim (Pan)
  39 shadow demons
  A spatial maelstrom (Abyss:5)
  22 gelid demonspawn (Pan)
  27 infernal demonspawn (Pan)
  17 flayed ghosts
  38 deep trolls
  7 anaconda zombies
  14 swamp dragons
  27 putrid demonspawn (Pan)
  5 hill giants
  An orange crystal statue (Tomb:1)
  5 golden dragon skeletons
  7 wizards
  A harpy (shapeshifter) (Vaults:2)
  5 shambling mangroves
  11 anubis guards
  The ghost of Statics the Insei, a novice OpTm (D:7)
  7 starcursed masses (Abyss:5)
  A lindwurm (shapeshifter) (Depths:2)
  A wolf spider zombie (Dis:7)
  10 deep elf archers
  29 torturous demonspawn (Pan)
  4 golden dragon zombies
  16 necromancers
  4 shadow dragon zombies
  11 harpies
  31 phantasmal warriors
  4 anaconda skeletons
  15 orb spiders
  6 frost giant zombies
  12 ironbrand convokers
  8 fire giant zombies
  4 stone giant zombies
  32 wolf spiders
  46 deep elf magi
  8 hornets
  8 orc sorcerers
  10 griffons
  8 salamanders
  7 iron dragon zombies
  54 ugly things
  5 shadow dragon skeletons
  A spectral ice dragon (Crypt:3)
  11 orc knights
  5 frost giant skeletons
  3 human zombies
  A spectral fire dragon (Crypt:3)
  2 shock serpent zombies
  3 iron dragon skeletons
  A cyclops (Vaults:1)
  2 worldbinders (Abyss:5)
  A manticore (D:14)
  4 black mambas
  26 moths of wrath
  A salamander (shapeshifter) (Elf:3)
  15 elephants
  62 sixfirhies
  An apis skeleton (Crypt:1)
  9 fire giant skeletons
  2 apocalypse crabs (Abyss:5)
  2 octopodes (shapeshifter)
  26 rust devils
  A guardian serpent (Abyss:5)
  6 stone giant skeletons
  14 vault sentinels
  3 gargoyles
  14 spiny frogs
  6 molten gargoyles
  3 ice statues
  62 orange demons
  86 smoke demons
  2 dire elephant zombies
  An elf skeleton (Vaults:5)
  A catoblepas zombie (Geh:5)
  4 dire elephant skeletons
  3 rime drakes
  41 hellions
  2 shock serpent skeletons
  2 kobold demonologists
  A yaktaur (shapeshifter) (Vaults:4)
  15 efreet
  A red draconian zombie (Crypt:3)
  37 yaktaurs
  48 demonic crawlers
  2 spiny frogs (shapeshifter)
  4 emperor scorpion zombies
  10 komodo dragons
  A mottled draconian zombie (Geh:5)
  A purple draconian zombie (Crypt:2)
  A yaktaur zombie (Vaults:4)
  A ghost moth simulacrum (Coc:7)
  60 ice devils
  37 freezing wraiths
  7 ancient zymes
  46 tormentors
  An iron troll skeleton (Crypt:2)
  6 anaconda simulacra (IceCv)
  72 red devils
  A death yak skeleton (Crypt:3)
  A yaktaur skeleton (Vaults:5)
  4 spriggan druids
  11 trolls
  3 tengu conjurers
  38 hellwings
  5 polar bears
  2 silent spectres
  47 guardian mummies
  28 jumping spiders
  A troll (shapeshifter) (Vaults:2)
  14 hydra zombies
  2 boulder beetles (shapeshifter)
  4 giant leeches
  A hornet zombie (D:13)
  18 two-headed ogres
  8 boulder beetles
  A griffon zombie (Crypt:2)
  A queen bee (shapeshifter) (Elf:2)
  8 raiju (Abyss:5)
  10 ettin zombies
  4 harpy skeletons
  10 bog bodies
  6 ice dragon zombies
  4 hydra skeletons
  132 large abominations
  A minotaur skeleton (Crypt:1)
  2 alligator zombies
  16 blink frogs
  14 ushabtiu
  A human simulacrum (Vaults:2)
  4 fire dragon zombies
  5 fire dragon skeletons
  90 flying skulls
  31 spriggans
  90 redbacks
  2 air elementals
  18 tarantellas
  A black mamba zombie (Dis:7)
  4 ettin skeletons
  2 dire elephant simulacra (IceCv)
  A salamander simulacrum (Vaults:3)
  2 fire bats (Geh:7)
  42 wraiths
  108 ynoxinuls (Pan)
  10 water elementals
  46 shadows
  3 wyverns
  An alligator skeleton (Hell)
  2 basilisks
  3 ice dragon skeletons
  A black mamba skeleton (Pan)
  A human (D:8)
  A yak (shapeshifter) (Vaults:4)
  9 fire elementals
  52 neqoxecs
  28 yaks
  10 hippogriffs
  11 hungry ghosts
  95 chaos spawn
  2 humans (shapeshifter)
  A death yak simulacrum (IceCv)
  20 swamp worms
  A catoblepas simulacrum (Crypt:2)
  31 vampire mosquitoes
  3 wargs
  2 harpy simulacra (IceCv)
  A small abomination (Abyss:5)
  13 water moccasins
  2 iron troll simulacra (IceCv)
  7 hydra simulacra
  11 insubstantial wisps
  Duvessa (D:4)
  A putrid demonspawn skeleton (Crypt:1)
  A soldier ant (D:11)
  7 spiny frog zombies
  56 hell hounds
  3 merfolk zombies
  2 merfolk skeletons (Tar:7)
  A porcupine (shapeshifter) (Depths:2)
  3 manticore zombies
  12 porcupines
  56 orc warriors
  A spiny frog skeleton (Geh:7)
  12 swamp drakes
  2 wasps (shapeshifter)
  3 swamp dragon zombies
  An alligator simulacrum (Hell)
  2 ettin simulacra (IceCv)
  48 ogres
  11 black bears
  3 sky beasts
  3 snapping turtle zombies
  31 wasps
  The ghost of NoLuckNoSkill the Cudgeler, an amateur DsCK of Xom (D:3)
  11 necrophages
  6 phantoms
  7 boggarts
  9 crocodiles
  A swamp dragon skeleton (Tar:5)
  19 centaurs
  23 wolves
  A crocodile (shapeshifter) (Vaults:4)
  3 manticore skeletons
  4 snapping turtle skeletons
  15 giant frogs
  2 big kobolds (D:9)
  An octopode zombie (Crypt:3)
  A wyvern zombie (D:15)
  3 earth elementals
  Dowan (D:4)
  2 water moccasin zombies
  A spriggan zombie (Geh:5)
  A cyclops skeleton (Crypt:3)
  5 scorpions
  An elephant simulacrum (IceCv)
  2 troll zombies
  A water moccasin skeleton (D:8)
  42 wights
  A spriggan skeleton (Tar:5)
  2 howler monkeys
  2 centaur zombies
  10 electric eels
  20 crimson imps
  3 quasits
  A demonspawn zombie (Crypt:3)
  3 draconian simulacra (IceCv)
  2 jellies (D:8)
  5 giant frog zombies
  3 hounds
  A giant frog skeleton (D:9)
  36 orc priests
  5 centaur skeletons
  13 iron imps
  3 human skeletons
  8 iguanas
  25 orc wizards
  4 troll simulacra (IceCv)
  11 worker ants
  A wolf simulacrum (IceCv)
  A boulder beetle simulacrum (Vaults:2)
  2 dwarf zombies
  3 ogre zombies
  21 sheep
  A naga zombie (Dis:7)
  3 centaur simulacra (IceCv)
  A naga skeleton (Crypt:2)
  A hound skeleton (D:9)
  38 mummies
  8 adders
  10 gnolls
  2 ogre simulacra (IceCv)
  3 naga simulacra (IceCv)
  65 river rats
  15 shadow imps
  15 white imps
  3 ufetubi (IceCv)
  2 oozes
  An adder zombie (D:5)
  An adder skeleton (Crypt:3)
  A worm (D:3)
  4 dart slugs
  11 giant geckos
  108 orcs
  A ball python (D:1)
  4 giant cockroaches
  A gnoll zombie (Crypt:1)
  10 goblins
  3 hobgoblins
  9 jackals
  3 quokkas
  7 bats
  A giant cockroach zombie (D:6)
  A giant gecko skeleton (D:7)
  9 giant newts
  A jackal skeleton (Crypt:3)
  15 kobolds
  A kobold skeleton (Geh:6)
  A kobold zombie (Coc:4)
  A quokka skeleton (D:9)
  4 rats
  A river rat skeleton (Crypt:1)
  A briar patch (Swamp:4)
  A butterfly (Lair:3)
  2 crawling corpses (Vaults:4)
  A demonic plant (Pan)
  A fire vortex (Pan)
  A plant (Lair:5)
  3 tentacles (Coc:7)
5777 creatures vanquished.

Vanquished Creatures (collateral kills)
  A pandemonium lord (Pan)
  A reaper (Pan)
  2 soul eaters (Pan)
  An orb spider (Spider:2)
  A hornet (Spider:4)
  A dire elephant simulacrum (IceCv)
  2 chaos spawn (Pan)
9 creatures vanquished.

Vanquished Creatures (others)
  A Brimstone Fiend (Dis:7)
  A tentacled monstrosity (Vaults:4)
  A lich (Tomb:1)
  12 acid blobs
  2 sphinxes
  4 azure jellies
  A shadow dragon (Zot:4)
  A tengu reaver (Vaults:5)
  A fire giant (Vaults:5)
  An iron dragon (Vaults:5)
  A deep elf sorcerer (Vaults:5)
  A warmonger (Pan)
  A vault warden (Vaults:5)
  3 deep elf elementalists
  A war gargoyle (Vaults:5)
  A stone giant (Vaults:2)
  2 ironheart preservers
  A bennu (Tomb:2)
  A salamander stormcaller (Vaults:5)
  A deep elf death mage (Elf:3)
  9 death oozes
  2 vault guards (Vaults:5)
  An ice dragon (shapeshifter) (Vaults:4)
  7 great orbs of eyes
  A rakshasa (Depths:2)
  2 yaktaur captains
  An ice dragon (Depths:4)
  2 centaur warriors
  2 ogre magi
  An orc high priest (Orc:2)
  A titan zombie (Tomb:1)
  A hell knight (Depths:2)
  3 unseen horrors (Vaults:1)
  A deep troll (Vaults:1)
  3 death scarabs
  4 wizards
  An ironbrand convoker (Vaults:4)
  An anaconda skeleton (Tomb:3)
  3 deep elf magi
  A deep elf archer (Vaults:1)
  An anubis guard (Tomb:1)
  A necromancer (Vaults:5)
  2 orb spiders
  2 ugly things (Vaults:5)
  A fire giant zombie (Vaults:5)
  A stone giant zombie (Vaults:5)
  A shining eye (Slime:2)
  A salamander (Depths:4)
  A hell hog zombie (Crypt:2)
  A sixfirhy (Pan)
  A fire giant skeleton (Tomb:1)
  A human zombie (Vaults:5)
  A centaur zombie (D:14)
  2 vault sentinels
  A spiny frog (Swamp:3)
  3 smoke demons (Pan)
  A rust devil (Dis:7)
  An eye of devastation (Slime:4)
  2 orange demons (Pan)
  A hellion (Geh:7)
  11 yaktaurs
  A demonic crawler (Pan)
  A red devil (Hell)
  A golden dragon simulacrum (Tomb:3)
  2 guardian mummies (Tomb:1)
  An ice devil (D:12)
  5 giant eyeballs
  A giant leech (Swamp:1)
  A jumping spider (shapeshifter) (Elf:3)
  79 slime creatures
  A two-headed ogre (D:15)
  3 ushabtiu (Tomb:1)
  A bog body (Swamp:3)
  An alligator skeleton (Tomb:2)
  4 flying skulls
  7 redbacks
  2 ynoxinuls (Pan)
  A wyvern (D:12)
  A water elemental (Elf:2)
  13 golden eyes
  A chaos spawn (Pan)
  A neqoxec (Pan)
  A hungry ghost (Tar:1)
  4 swamp worms
  An insubstantial wisp (Swamp:3)
  2 hell hounds (Depths:3)
  3 orc warriors (Orc:2)
  2 swamp drakes (Swamp:4)
  An eye of draining (Pan)
  2 wasps
  A black bear (shapeshifter) (Depths:3)
  9 centaurs
  A tengu (shapeshifter) (Depths:5)
  A wolf (Lair:5)
  5 ogres
  9 boggarts
  A swamp dragon skeleton (Geh:7)
  A crocodile (Lair:6)
  2 giant frogs
  2 scorpions
  4 wights
  A quasit (Depths:5)
  5 crimson imps
  1379 jellies
  10 orc priests
  14 orc wizards
  An iguana (Lair:6)
  A human skeleton (Pan)
  A worker ant (D:14)
  3 sheep (Vaults:1)
  2 centaur simulacra (IceCv)
  15 mummies
  9 river rats
  A shadow imp (Tar:7)
  A white imp (IceCv)
  An ufetubus (IceCv)
  2 ball lightnings
  35 orcs
  A bat zombie (Crypt:1)
  8 briar patches
  7 bushes (Abyss:5)
  7 demonic plants (Abyss:5)
  13 fungi
  4 lost souls
  3 lurking horrors (Abyss:5)
  9 plants
  16 starspawn tentacles (Abyss:5)
  37 starspawn tentacle segments (Abyss:5)
  6 tentacles
  93 tentacle segments
1987 creatures vanquished.

Grand Total: 7773 creatures vanquished

Notes
Turn   | Place    | Note
--------------------------------------------------------------
     0 | D:1      | NoLuckNoSkill the Troll Monk began the quest for the Orb.
     0 | D:1      | Reached XP level 1. HP: 22/22 MP: 0/0
    33 | D:1      | Found a shattered altar of Ashenzari.
   120 | D:1      | Reached XP level 2. HP: 29/29 MP: 1/1
   335 | D:1      | Reached XP level 3. HP: 28/36 MP: 2/2
   947 | D:1      | Reached skill level 5 in Unarmed Combat
  1005 | D:2      | Reached XP level 4. HP: 39/44 MP: 3/3
  2027 | D:3      | Found a snail-covered altar of Cheibriados.
  2037 | D:3      | Noticed NoLuckNoSkill's ghost (amateur DsCK)
  2055 | D:3      | Paralysed by NoLuckNoSkill's ghost for 6 turns
  2063 | D:3      | Killed NoLuckNoSkill's ghost
  2063 | D:3      | Reached XP level 5. HP: 20/53 MP: 4/4
  2200 | D:3      | Found an opulent altar of Gozag.
  2491 | D:4      | Found Zulyuwin's Gadget Boutique.
  2494 | D:4      | Reached XP level 6. HP: 61/61 MP: 5/5
  2596 | D:4      | Noticed Dowan
  2597 | D:4      | Noticed Duvessa
  2686 | D:4      | Found a deep blue altar of Sif Muna.
  2686 | D:4      | Found an opulent altar of Gozag.
  2691 | D:4      | Found a stormy altar of Qazlal.
  3052 | D:4      | Killed Duvessa
  3058 | D:4      | Killed Dowan
  3158 | D:4      | Reached XP level 7. HP: 48/68 MP: 6/6
  3266 | D:4      | Found a shadowy altar of Dithmenos.
  3488 | D:5      | Entered Level 5 of the Dungeon
  3495 | D:5      | Found a staircase to the Ecumenical Temple.
  3520 | Temple   | Entered the Ecumenical Temple
  3754 | D:5      | Found a shimmering altar of Xom.
  4124 | D:5      | Reached XP level 8. HP: 77/79 MP: 7/7
  4320 | D:6      | Found a radiant altar of Vehumet.
  4351 | D:6      | Gained mutation: You have a pair of small horns on your head. [mutagenic meat]
  4352 | D:6      | Gained mutation: Your magical capacity is low (-10% MP). [mutagenic meat]
  4353 | D:6      | Gained mutation: Your magical capacity is very low (-20% MP). [mutagenic meat]
  4354 | D:6      | Gained mutation: Your body sometimes deteriorates upon taking damage. [mutagenic meat]
  4357 | D:6      | Gained mutation: Your spells are a little easier to cast, but a little less powerful. [potion of mutation]
  4425 | D:6      | Found an oddly glowing altar of Pakellas.
  4425 | D:6      | Found Pakellas's Prime Provisions.
  4860 | D:7      | Noticed Statics's ghost (novice OpTm)
  4876 | D:7      | Killed Statics's ghost
  4876 | D:7      | Reached skill level 5 in Fighting
  4876 | D:7      | Reached skill level 5 in Dodging
  4940 | D:7      | Reached XP level 9. HP: 82/88 MP: 6/6
  5179 | D:7      | Gained mutation: Your body often deteriorates upon taking damage. [potion of mutation]
  5179 | D:7      | Gained mutation: You have large cloven feet. [potion of mutation]
  5430 | D:7      | Found a burning altar of Makhleb.
  5639 | D:8      | Noticed a red ugly thing
  5647 | D:8      | Killed a red ugly thing
  5647 | D:8      | Reached skill level 10 in Unarmed Combat
  5652 | D:8      | Found a staircase to the Lair.
  5804 | D:8      | Gained mutation: You are partially covered in molten scales (AC +1). [potion of mutation]
  6249 | Lair:1   | Entered Level 1 of the Lair of Beasts
  6269 | Lair:1   | Reached XP level 10. HP: 99/100 MP: 7/7
  6429 | Lair:1   | Noticed Zebulonius's ghost (journeyman MiBe)
  6484 | Lair:1   | Killed Zebulonius's ghost
  7343 | Lair:2   | Lost mutation: Your body often deteriorates upon taking damage. [potion of mutation]
  7343 | Lair:2   | Gained mutation: You possess an exceptional clarity of mind. [potion of mutation]
  7676 | Lair:2   | Reached XP level 11. HP: 76/109 MP: 7/7
  7823 | Lair:2   | Identified the Incunabulum of Flamy Sinister Rites
  9380 | Lair:3   | Noticed Sonja
  9744 | Lair:3   | Killed Sonja
 10478 | Lair:4   | Reached XP level 12. HP: 122/122 MP: 8/8
 11344 | Lair:5   | Noticed a seven-headed hydra
 11958 | Lair:6   | Found a staircase to the Slime Pits.
 11976 | Lair:6   | Found a viscous altar of Jiyva.
 11984 | Lair:6   | Became a worshipper of Jiyva Joic the Shapeless
 11984 | Lair:6   | Reached * piety under Jiyva
 11984 | Lair:6   | Reached ** piety under Jiyva
 11996 | Slime:1  | Entered Level 1 of the Pits of Slime
 12027 | Slime:1  | Noticed an acid blob
 12067 | Slime:1  | Noticed a great orb of eyes
 12271 | Slime:2  | Noticed an acid blob
 12477 | Slime:2  | Noticed an azure jelly
 12515 | Slime:2  | Noticed an acid blob
 12592 | Slime:2  | Noticed an acid blob
 12677 | Slime:3  | Noticed an azure jelly
 12965 | Slime:4  | Noticed an azure jelly
 13065 | Slime:4  | Noticed an acid blob
 13091 | Slime:4  | Noticed an azure jelly
 13126 | Slime:4  | You fall through a shaft!
 13217 | Slime:6  | Entered Level 6 of the Pits of Slime
 13217 | Slime:6  | Noticed a death ooze
 13218 | Slime:6  | Noticed an acid blob
 13220 | Slime:6  | Noticed a death ooze
 13222 | Slime:6  | Noticed an acid blob
 13225 | Slime:6  | Noticed an azure jelly
 13226 | Slime:6  | Noticed an acid blob
 13227 | Slime:6  | Noticed a death ooze
 13227 | Slime:6  | Killed an acid blob
 13228 | Slime:6  | Noticed a death ooze
 13229 | Slime:6  | Noticed the Royal Jelly
 13230 | Slime:6  | Killed an acid blob
 13231 | Slime:6  | Killed an acid blob
 13232 | Slime:6  | Noticed an azure jelly
 13232 | Slime:6  | Noticed an acid blob
 13233 | Slime:6  | Noticed an acid blob
 13233 | Slime:6  | Found a viscous altar of Jiyva.
 13233 | Slime:6  | Noticed an azure jelly
 13234 | Slime:6  | Noticed an acid blob
 13235 | Slime:6  | Killed a great orb of eyes
 13236 | Slime:6  | Noticed an acid blob
 13239 | Slime:6  | Killed an acid blob
 13240 | Slime:6  | Killed an acid blob
 13241 | Slime:6  | Killed an acid blob
 13260 | Slime:6  | Killed a death ooze
 13264 | Slime:6  | Noticed an acid blob
 13264 | Slime:6  | Killed an acid blob
 13267 | Slime:6  | Killed a great orb of eyes
 13269 | Slime:6  | Killed an acid blob
 13549 | Slime:5  | Noticed a great orb of eyes
 13549 | Slime:5  | Noticed an azure jelly
 13549 | Slime:5  | Noticed an acid blob
 13762 | Lair:6   | Found a staircase to the Swamp.
 13769 | Lair:6   | Noticed a five-headed hydra
 13779 | Lair:6   | Killed a five-headed hydra
 13779 | Lair:6   | Reached skill level 1 in Evocations
 13950 | Lair:6   | Found a hole to the Spider Nest.
 14609 | Lair:5   | Noticed a seven-headed hydra
 14719 | Lair:5   | Killed an 11-headed hydra
 14999 | Lair:5   | Reached *** piety under Jiyva
 15043 | Lair:5   | Gained mutation: You have a small jelly attached to you that may absorb incoming projectiles. [Jiyva's grace]
 15096 | Lair:5   | Killed an eight-headed hydra
 15110 | Lair:5   | Reached **** piety under Jiyva
 15114 | Lair:5   | Noticed a death yak
 15115 | Lair:5   | Noticed a death yak
 15115 | Lair:5   | Noticed a death yak
 15115 | Lair:5   | Noticed a death yak
 15130 | Lair:5   | Noticed a death yak
 15321 | Lair:5   | Killed a death yak
 15321 | Lair:5   | Reached XP level 13. HP: 133/133 MP: 11/11
 15366 | Lair:5   | Reached skill level 10 in Fighting
 15385 | Lair:4   | Reached skill level 10 in Dodging
 15829 | Lair:5   | Reached skill level 15 in Unarmed Combat
 16065 | Lair:7   | Gained mutation: You have supernaturally acute eyesight. [Jiyva's grace]
 16523 | Lair:7   | Reached skill level 1 in Armour
 16870 | Lair:8   | Entered Level 8 of the Lair of Beasts
 17209 | Lair:8   | Identified a scroll of acquirement
 17559 | Lair:8   | Reached ***** piety under Jiyva
 17573 | Lair:8   | Lost mutation: You are partially covered in molten scales (AC +1). [Jiyva's grace]
 17667 | Lair:8   | Got a transparent copper ring
 17672 | Lair:8   | Identified the ring "Kyaluyn" {SustAt rN+} (You found it on level 8 of the Lair of Beasts)
 17856 | Lair:8   | Lost mutation: Your spells are a little easier to cast, but a little less powerful. [Jiyva's grace]
 17992 | Lair:8   | Gained mutation: You have acidic saliva. [Jiyva's grace]
 18012 | Lair:8   | Reached ****** piety under Jiyva
 18194 | Slime:6  | Lost mutation: You have a small jelly attached to you that may absorb incoming projectiles. [Jiyva's grace]
 18197 | Slime:6  | Lost mutation: Your body sometimes deteriorates upon taking damage. [Jiyva's grace]
 18198 | Slime:6  | Gained mutation: Your body sometimes deteriorates upon taking damage. [Jiyva's grace]
 18200 | Slime:6  | Gained mutation: You have a beak for a mouth. [Jiyva's grace]
 18209 | Slime:6  | Got a transparent storm dragon armour
 18219 | Slime:6  | Got a pitted graven amulet
 18233 | Slime:6  | Identified the Reference Book on Flames
 18246 | Slime:6  | Got a slimy rune of Zot
 18258 | Slime:6  | Identified the amulet "Komont" {Spirit MR+ Stlth+} (You found it on level 6 of the Pits of Slime)
 18260 | Slime:6  | Identified the cursed +0 storm dragon armour "Moacurun" {rElec rCorr} (You found it on level 6 of the Pits of Slime)
 18292 | Slime:6  | Lost mutation: Your magical capacity is very low (-20% MP). [Jiyva's power]
 18348 | Slime:6  | Lost mutation: Your body sometimes deteriorates upon taking damage. [Jiyva's power]
 18421 | Slime:6  | Lost mutation: Your magical capacity is low (-10% MP). [Jiyva's power]
 18428 | Slime:6  | Lost mutation: You have acidic saliva. [Jiyva's grace]
 18516 | Swamp:1  | Entered Level 1 of the Swamp
 18520 | Swamp:1  | Noticed Josephine
 18531 | Swamp:1  | Killed Josephine
 18807 | Swamp:1  | Lost mutation: You possess an exceptional clarity of mind. [Jiyva's grace]
 18838 | Swamp:1  | Found a snail-covered altar of Cheibriados.
 18860 | Swamp:1  | Reached skill level 5 in Armour
 18897 | Swamp:1  | Reached XP level 14. HP: 125/144 MP: 13/15
 19000 | Swamp:1  | Noticed a thorn hunter
 19035 | Swamp:1  | Killed a thorn hunter
 19051 | Swamp:1  | Gained mutation: Your spells are a little harder to cast, but a little more powerful. [Jiyva's grace]
 20049 | Swamp:2  | Noticed Louise
 20113 | Swamp:2  | Killed Louise
 20228 | Swamp:2  | Noticed Nikola
 20250 | Swamp:2  | Killed Nikola
 20250 | Swamp:2  | Reached skill level 1 in Shields
 20627 | Swamp:2  | Gained mutation: You are somewhat resistant to further mutation. [Jiyva's grace]
 21082 | Swamp:3  | Noticed a thorn hunter
 21110 | Swamp:3  | Killed a thorn hunter
 21234 | Swamp:3  | Noticed Bubs's ghost (adept FoFi)
 21273 | Swamp:3  | Killed Bubs's ghost
 21626 | Swamp:3  | Gained mutation: Your skin is partially translucent (Stealth, -foe acc). [Jiyva's grace]
 22015 | Swamp:4  | Entered Level 4 of the Swamp
 22026 | Swamp:4  | Reached skill level 5 in Shields
 22300 | Swamp:4  | Gained mutation: You have a small jelly attached to you that senses nearby items. [Jiyva's grace]
 22331 | Swamp:3  | Reached XP level 15. HP: 98/153 MP: 10/16
 23355 | Swamp:4  | Lost mutation: Your spells are a little harder to cast, but a little more powerful. [Jiyva's grace]
 24174 | Swamp:4  | Got a decaying rune of Zot
 24255 | Swamp:4  | Noticed a thorn hunter
 24275 | Swamp:4  | Killed a thorn hunter
 24694 | Swamp:4  | Got a steaming hand crossbow
 24914 | Spider:1 | Entered Level 1 of the Spider Nest
 25004 | Spider:1 | Noticed a ghost moth
 25010 | Spider:1 | Killed a ghost moth
 25200 | Spider:1 | Noticed Agnes
 25220 | Spider:1 | Killed Agnes
 25427 | Spider:1 | Reached skill level 10 in Shields
 25633 | Spider:1 | Lost mutation: You have a pair of small horns on your head. [Jiyva's grace]
 26397 | Spider:2 | Reached XP level 16. HP: 99/162 MP: 12/17
 26607 | Spider:2 | Lost mutation: You have large cloven feet. [Jiyva's grace]
 27701 | Spider:3 | Found a frozen archway.
 27726 | IceCv    | Entered an ice cave
 27800 | IceCv    | Lost mutation: You have supernaturally acute eyesight. [Jiyva's grace]
 27808 | IceCv    | Gained mutation: Armour fits poorly on your strangely shaped body. [potion of mutation]
 27809 | IceCv    | Gained mutation: You occasionally shout uncontrollably at your foes. [potion of mutation]
 27812 | IceCv    | Lost mutation: Armour fits poorly on your strangely shaped body. [Jiyva's power]
 28455 | Lair:5   | Lost mutation: You occasionally shout uncontrollably at your foes. [Jiyva's grace]
 29249 | Spider:4 | Entered Level 4 of the Spider Nest
 29654 | Spider:4 | Gained mutation: You have a pair of small horns on your head. [Jiyva's grace]
 30678 | Spider:4 | Gained mutation: Your spells are a little harder to cast, but a little more powerful. [Jiyva's grace]
 31018 | Spider:4 | Reached XP level 17. HP: 139/172 MP: 1/18
 31266 | Spider:4 | Got a gossamer rune of Zot
 31664 | D:9      | Found a basalt altar of Yredelemnul.
 31885 | D:9      | Gained mutation: You are dopey. (Int -2) [Jiyva's grace]
 31896 | D:9      | Gained mutation: You possess an exceptional clarity of mind. [Jiyva's grace]
 31907 | D:9      | Found a runed door.
 32092 | D:9      | Gained mutation: You are covered in slimy tendrils that may disarm your opponents. [Jiyva's grace]
 32240 | D:9      | Found a staircase to the Orcish Mines.
 32474 | D:9      | Gained mutation: You have supernaturally acute eyesight. [Jiyva's grace]
 32499 | D:9      | Lost mutation: You have supernaturally acute eyesight. [Jiyva's grace]
 32516 | Orc:1    | Entered Level 1 of the Orcish Mines
 32517 | Orc:1    | Lost mutation: You are dopey. (Int -2) [Jiyva's power]
 32580 | Orc:2    | Entered Level 2 of the Orcish Mines
 32706 | Orc:1    | Gained mutation: Your muscles are strong. (Str +2) [Jiyva's grace]
 32712 | Orc:1    | Gained mutation: Scrolls take you a little longer to read. [Jiyva's grace]
 32724 | Orc:1    | Lost mutation: Scrolls take you a little longer to read. [Jiyva's power]
 32769 | Orc:1    | Gained mutation: Your spells are harder to cast, but more powerful. [Jiyva's grace]
 33012 | Orc:2    | Lost mutation: You have a small jelly attached to you that senses nearby items. [Jiyva's grace]
 33017 | Orc:2    | Noticed Chiseanne's ghost (journeyman SpHu)
 33022 | Orc:2    | Lost mutation: Your spells are harder to cast, but more powerful. [Jiyva's grace]
 33051 | Orc:2    | Killed Chiseanne's ghost
 33097 | Orc:2    | Gained mutation: You have a small jelly attached to you that may absorb incoming projectiles. [Jiyva's grace]
 33324 | Orc:2    | Found a roughly hewn altar of Beogh.
 33388 | Orc:2    | Gained mutation: Your system is resistant to poisons. [Jiyva's grace]
 33420 | Orc:2    | Found Fyowoa's Assorted Antiques.
 33435 | Orc:2    | Bought a scroll of teleportation for 90 gold pieces
 33435 | Orc:2    | Bought a scroll of recharging for 285 gold pieces
 33435 | Orc:2    | Bought a viscous yellow potion for 27 gold pieces
 33435 | Orc:2    | Bought a scroll of recharging for 285 gold pieces
 33442 | Orc:2    | Found Zepo Nud's Magic Scroll Shoppe.
 33449 | Orc:2    | Gained mutation: Your movements are slightly less encumbered by armour (ER -2). [Jiyva's grace]
 33456 | Orc:2    | Bought a scroll of teleportation for 39 gold pieces
 33456 | Orc:2    | Bought a scroll of identify for 26 gold pieces
 33456 | Orc:2    | Bought a scroll of identify for 26 gold pieces
 33456 | Orc:2    | Bought a scroll of teleportation for 39 gold pieces
 33508 | Orc:2    | Gained mutation: You have a somewhat thin skeletal structure (Dex +2, Stealth). [Jiyva's grace]
 33524 | Orc:2    | Lost mutation: You have a small jelly attached to you that may absorb incoming projectiles. [Jiyva's grace]
 33607 | Orc:2    | Lost mutation: You are somewhat resistant to further mutation. [Jiyva's grace]
 33759 | Orc:2    | Lost mutation: Your skin is partially translucent (Stealth, -foe acc). [Jiyva's grace]
 33767 | Orc:2    | Found a staircase to the Elven Halls.
 33856 | Orc:2    | Gained mutation: You are resistant to hostile enchantments. [Jiyva's grace]
 33895 | Orc:2    | Found a roughly hewn altar of Beogh.
 33906 | Orc:2    | Gained mutation: You have a pair of horns on your head. [Jiyva's grace]
 33943 | Orc:2    | Lost mutation: Your muscles are strong. (Str +2) [Jiyva's grace]
 33947 | Orc:2    | Lost mutation: You possess an exceptional clarity of mind. [Jiyva's grace]
 33969 | Orc:2    | Found Zapo's Distillery.
 33987 | Orc:2    | Bought a potion of heal wounds for 75 gold pieces
 33987 | Orc:2    | Bought a potion of mutation for 37 gold pieces
 33987 | Orc:2    | Bought a potion of heal wounds for 75 gold pieces
 33987 | Orc:2    | Bought a potion of curing for 45 gold pieces
 33987 | Orc:2    | Bought a potion of heal wounds for 75 gold pieces
 33997 | Orc:2    | Lost mutation: Your system is resistant to poisons. [Jiyva's grace]
 34059 | Orc:2    | Found Firuuwn's Jewellery Emporium.
 34106 | Orc:2    | Gained mutation: Your muscles are strong. (Str +2) [Jiyva's grace]
 34303 | D:10     | Entered Level 10 of the Dungeon
 34461 | D:10     | Gained mutation: Your flesh is heat resistant. [Jiyva's grace]
 35008 | D:11     | Noticed Maud
 35016 | D:11     | Killed Maud
 35444 | D:11     | Gained mutation: Your body is partially covered in golden eyeballs (Acc +3). [Jiyva's grace]
 35680 | D:12     | Gained mutation: Your mind is acute. (Int +2) [Jiyva's grace]
 35698 | D:12     | Lost mutation: Your flesh is heat resistant. [Jiyva's grace]
 35808 | D:12     | Gained mutation: You are partially covered in large bone plates (AC +2, SH +2). [potion of mutation]
 35808 | D:12     | Gained mutation: You have large cloven feet. [potion of mutation]
 35901 | D:12     | Found Lekhlecs's Food Shop.
 35975 | D:12     | Gained mutation: You are partially covered in icy blue scales (AC +1). [Jiyva's grace]
 36054 | D:12     | Gained mutation: You have acidic saliva. [Jiyva's grace]
 36164 | D:13     | Found Ceddyodgh's Jewellery Shoppe.
 36172 | D:13     | Bought the ring of Syexzesk {rC+ MR+ Stlth-} for 460 gold pieces
 36179 | D:13     | Found Bafitt's Antique Armour Shoppe.
 36238 | D:13     | Noticed Urug
 36250 | D:13     | Killed Urug
 36343 | D:13     | Found an opulent altar of Gozag.
 36352 | D:13     | Lost mutation: You are covered in slimy tendrils that may disarm your opponents. [Jiyva's grace]
 36422 | D:13     | Found a gate to the Vaults.
 36446 | D:13     | Found Quirgh's Jewellery Emporium.
 36457 | D:13     | Found Quridiso's Antique Armour Boutique.
 36494 | D:13     | Gained mutation: Your flesh is cold resistant. [Jiyva's grace]
 36623 | D:13     | Found Soelemn's Armour Boutique.
 36723 | D:13     | You fall through a shaft!
 36924 | D:14     | Lost mutation: You have a pair of horns on your head. [Jiyva's grace]
 37046 | D:14     | Gained mutation: Your flesh is very cold resistant. [Jiyva's grace]
 37377 | D:14     | Gained mutation: You are highly resistant to hostile enchantments. [Jiyva's grace]
 37604 | D:15     | Entered Level 15 of the Dungeon
 37684 | D:15     | Found a staircase to the Depths.
 37820 | D:15     | Gained mutation: Your body is mostly covered in golden eyeballs (Acc +5). [Jiyva's grace]
 38020 | D:15     | Found a white marble altar of Elyvilon.
 38901 | Vaults:1 | Entered Level 1 of the Vaults
 39012 | Vaults:1 | Found Acacekea's Weapon Boutique.
 39070 | Vaults:1 | Reached XP level 18. HP: 160/184 MP: 15/19
 39194 | Vaults:1 | Gained mutation: You have a small jelly attached to you that may absorb incoming projectiles. [Jiyva's grace]
 39236 | Vaults:1 | Lost mutation: You have a pair of small horns on your head. [Jiyva's grace]
 39401 | Vaults:1 | Lost mutation: Your spells are a little harder to cast, but a little more powerful. [Jiyva's grace]
 39653 | Vaults:1 | Gained mutation: Your rubbery body absorbs attacks (AC +1). [Jiyva's grace]
 39901 | Vaults:1 | Gained mutation: You have hoof-like feet. [Jiyva's grace]
 40191 | Vaults:1 | Lost mutation: You have a small jelly attached to you that may absorb incoming projectiles. [Jiyva's grace]
 40565 | Vaults:2 | Reached skill level 10 in Armour
 40621 | Vaults:2 | Gained mutation: You have an increased reservoir of magic (+10% MP). [Jiyva's grace]
 40650 | Vaults:2 | Lost mutation: Your muscles are strong. (Str +2) [Jiyva's grace]
 40740 | Vaults:2 | Lost mutation: Your mind is acute. (Int +2) [Jiyva's grace]
 40879 | Vaults:2 | Found Ehustel's Antique Armour Shop.
 40919 | Vaults:2 | Gained mutation: You have a small jelly attached to you that may absorb incoming projectiles. [Jiyva's grace]
 41135 | Vaults:2 | Gained mutation: Your flesh is almost immune to the effects of cold. [Jiyva's grace]
 41404 | Vaults:2 | Gained mutation: Armour fits poorly on your pseudopods. [Jiyva's grace]
 41433 | Vaults:2 | Gained mutation: Armour fits poorly on your large pseudopods. [Jiyva's grace]
 41500 | Vaults:2 | Lost mutation: You have acidic saliva. [Jiyva's grace]
 41919 | Vaults:3 | Reached XP level 19. HP: 153/196 MP: 20/23
 42587 | Vaults:3 | Gained mutation: You are agile. (Dex +2) [Jiyva's grace]
 42645 | Vaults:3 | Lost mutation: You have hoof-like feet. [Jiyva's grace]
 42654 | Vaults:3 | Lost mutation: You have a small jelly attached to you that may absorb incoming projectiles. [Jiyva's grace]
 42662 | Vaults:3 | Lost mutation: Armour fits poorly on your large pseudopods. [Jiyva's grace]
 42710 | Vaults:3 | Gained mutation: You are covered in slimy tendrils that may disarm your opponents. [Jiyva's grace]
 42886 | Vaults:3 | Paralysed by a giant eyeball for 4 turns
 42896 | Vaults:3 | Paralysed by a giant eyeball for 2 turns
 42901 | Vaults:3 | Paralysed by a giant eyeball for 2 turns
 42938 | Vaults:3 | Gained mutation: Your pliable body absorbs attacks (AC +1, EV +1). [Jiyva's grace]
 43109 | Vaults:3 | Found Liys's General Store.
 43128 | Vaults:3 | Lost mutation: Your body is mostly covered in golden eyeballs (Acc +5). [Jiyva's grace]
 43239 | Vaults:3 | Found a staircase to the Crypt.
 43264 | Vaults:3 | Gained mutation: Your body is mostly covered in golden eyeballs (Acc +5). [Jiyva's grace]
 43756 | Vaults:4 | Noticed Frederick
 43761 | Vaults:4 | Cast into level 4 of the Abyss (Frederick)
 43769 | Abyss:5  | Entered Level 5 of the Abyss
 43776 | Abyss:5  | Found a corrupted altar of Lugonu.
 43843 | Abyss:5  | Noticed a profane servitor
 43934 | Abyss:5  | Gained mutation: You occasionally shout uncontrollably at your foes. [a neqoxec]
 43978 | Abyss:5  | Lost mutation: You have an increased reservoir of magic (+10% MP). [a neqoxec]
 44300 | Abyss:5  | Paralysed by accursed screaming for 1 turns
 44301 | Abyss:5  | Found a corrupted altar of Lugonu.
 44340 | Abyss:5  | Noticed a Tzitzimitl
 44456 | Abyss:5  | Noticed a bone dragon
 44553 | Abyss:5  | Paralysed by accursed screaming for 1 turns
 44557 | Abyss:5  | Paralysed by accursed screaming for 2 turns
 44563 | Abyss:5  | Noticed a lich
 44563 | Abyss:5  | Paralysed by accursed screaming for 1 turns
 44569 | Abyss:5  | Paralysed by accursed screaming for 2 turns
 44685 | Abyss:5  | Reached XP level 20. HP: 183/208 MP: 22/22
 44749 | Abyss:5  | Got an abyssal rune of Zot
 44896 | Vaults:4 | Escaped the Abyss
 44906 | Vaults:4 | Killed Frederick
 45363 | Vaults:4 | Lost mutation: You are partially covered in large bone plates (AC +2, SH +2). [Jiyva's grace]
 45379 | Vaults:4 | Gained mutation: Armour fits poorly on your large pseudopods. [Jiyva's grace]
 45546 | Vaults:4 | Lost mutation: You are partially covered in icy blue scales (AC +1). [Jiyva's grace]
 45992 | Vaults:4 | Lost mutation: Your pliable body absorbs attacks (AC +1, EV +1). [Jiyva's grace]
 46051 | Vaults:3 | Gained mutation: You have a small jelly attached to you that may absorb incoming projectiles. [Jiyva's grace]
 46237 | D:9      | Lost mutation: You are covered in slimy tendrils that may disarm your opponents. [Jiyva's grace]
 46304 | Elf:1    | Entered Level 1 of the Elven Halls
 46674 | Elf:1    | Lost mutation: Your body is mostly covered in golden eyeballs (Acc +5). [Jiyva's grace]
 46793 | Elf:1    | Gained mutation: You are partially covered in large bone plates (AC +2, SH +2). [Jiyva's grace]
 46818 | Elf:1    | Identified the Reference Book on Necromancy (You found it on level 1 of the Elven Halls)
 47226 | Elf:1    | Lost mutation: Armour fits poorly on your large pseudopods. [Jiyva's grace]
 47660 | Elf:2    | Found a runed gate.
 47660 | Elf:2    | Found a runed gate.
 47661 | Elf:2    | Found a runed gate.
 48011 | Elf:2    | Lost mutation: You have large cloven feet. [Jiyva's grace]
 48077 | Elf:2    | Gained mutation: You have an increased reservoir of magic (+10% MP). [Jiyva's grace]
 48230 | Elf:2    | Gained mutation: You are resistant to electric shocks. [Jiyva's grace]
 48312 | Elf:2    | Reached skill level 15 in Shields
 48457 | Elf:2    | Lost mutation: You are resistant to electric shocks. [Jiyva's grace]
 48499 | Elf:3    | Entered Level 3 of the Elven Halls
 48517 | Elf:3    | Reached XP level 21. HP: 168/217 MP: 26/26
 48621 | Elf:3    | Lost mutation: Your body is partially covered in golden eyeballs (Acc +3). [Jiyva's grace]
 48707 | Elf:3    | Gained mutation: You are partially covered in slimy green scales (AC +2). [Jiyva's grace]
 48875 | Elf:3    | Gained mutation: Armour fits poorly on your large pseudopods. [Jiyva's grace]
 48959 | Elf:2    | Reached skill level 15 in Fighting
 49407 | Elf:3    | Got a clouded glass ring
 49408 | Elf:3    | Identified the ring "Ilean" {Dex+6 Stlth+} (You took it off a deep elf annihilator on level 3 of the Elven Halls)
 49431 | Elf:3    | Lost mutation: Your movements are slightly less encumbered by armour (ER -2). [Jiyva's grace]
 49463 | Elf:3    | Lost mutation: You are highly resistant to hostile enchantments. [Jiyva's grace]
 49653 | Elf:3    | Gained mutation: Your spells are a little harder to cast, but a little more powerful. [Jiyva's grace]
 49731 | Elf:3    | Got a faintly humming cloak
 49742 | Elf:3    | Identified the +4 cloak "Bami" {rElec rN+ MP+9 Dex-4} (You found it on level 3 of the Elven Halls)
 49744 | Elf:3    | Got a bloodstained fire dragon armour
 49756 | Elf:3    | Identified the +3 fire dragon armour "Emaok" {rF++ rC- Str+5} (You found it on level 3 of the Elven Halls)
 49768 | Elf:3    | Lost mutation: You are partially covered in large bone plates (AC +2, SH +2). [Jiyva's grace]
 49781 | Elf:3    | Identified Xughaho's Volume of Augmentations and Stolen Souls
 49812 | Elf:3    | Gained mutation: You are covered in slimy tendrils that may disarm your opponents. [Jiyva's grace]
 49824 | Elf:3    | Gained mutation: You are very agile. (Dex +4) [Jiyva's grace]
 50190 | Vaults:5 | Entered Level 5 of the Vaults
 50198 | Vaults:4 | Lost mutation: You have a small jelly attached to you that may absorb incoming projectiles. [Jiyva's grace]
 50224 | Vaults:4 | Gained mutation: You are partially covered in rough black scales (AC +4, Dex -1). [Jiyva's grace]
 50254 | Vaults:4 | Lost mutation: You are very agile. (Dex +4) [Jiyva's grace]
 50263 | Vaults:4 | Lost mutation: Your spells are a little harder to cast, but a little more powerful. [Jiyva's grace]
 50284 | Vaults:4 | Lost mutation: Your rubbery body absorbs attacks (AC +1). [Jiyva's grace]
 50345 | Vaults:4 | Gained mutation: You have acidic saliva. [Jiyva's grace]
 50455 | Vaults:5 | Lost mutation: You have an increased reservoir of magic (+10% MP). [Jiyva's grace]
 50565 | Vaults:4 | Gained mutation: Your skin is partially translucent (Stealth, -foe acc). [Jiyva's grace]
 51027 | Vaults:4 | Reached XP level 22. HP: 228/228 MP: 24/24
 51033 | Vaults:4 | Gained mutation: You have supernaturally acute eyesight. [Jiyva's grace]
 51076 | Vaults:5 | Noticed a golden dragon
 51126 | Vaults:5 | Noticed an ancient lich
 51211 | Vaults:4 | Killed a golden dragon
 51216 | Vaults:4 | Reached skill level 15 in Dodging
 51319 | Vaults:5 | Slimified an ancient lich
 51319 | Vaults:5 | an ancient lich changed into a death ooze
 51323 | Vaults:5 | Gained mutation: You possess an exceptional clarity of mind. [Jiyva's grace]
 51339 | Vaults:5 | Lost mutation: You are resistant to hostile enchantments. [Jiyva's grace]
 51349 | Vaults:5 | Lost mutation: You occasionally shout uncontrollably at your foes. [Jiyva's grace]
 51371 | Vaults:4 | Lost mutation: You have acidic saliva. [Jiyva's grace]
 51470 | Vaults:5 | Got a bound bronze ring
 51479 | Vaults:5 | Gained mutation: Your muscles are strong. (Str +2) [Jiyva's grace]
 51517 | Vaults:5 | Gained mutation: You have a small jelly attached to you that senses nearby items. [Jiyva's grace]
 51549 | Vaults:5 | Lost mutation: You possess an exceptional clarity of mind. [Jiyva's grace]
 51575 | Vaults:5 | Identified the Tome of Flamy Darkness
 51613 | Vaults:5 | Got a silver rune of Zot
 51684 | Vaults:5 | Gained mutation: Your skin is mostly translucent (Stealth, -foe acc). [Jiyva's grace]
 51685 | Vaults:5 | Identified the ring "Iheel" {AC+4 Dex+4} (You found it on level 5 of the Vaults)
 51811 | Vaults:5 | Noticed a golden dragon
 51821 | Vaults:5 | Killed a golden dragon
 52080 | Vaults:5 | Lost mutation: You have a small jelly attached to you that senses nearby items. [Jiyva's grace]
 52369 | Vaults:5 | Noticed Mennas
 52385 | Vaults:5 | Killed Mennas
 52440 | Vaults:5 | Gained mutation: You are very agile. (Dex +4) [Jiyva's grace]
 52735 | Depths:1 | Entered Level 1 of the Depths
 53070 | Depths:1 | Found a gateway to Hell.
 53421 | Depths:1 | Gained mutation: Your skin is entirely transparent (Stealth, -foe acc). [Jiyva's grace]
 53470 | Depths:1 | Gained mutation: You possess an exceptional clarity of mind. [Jiyva's grace]
 53765 | Depths:1 | Reached XP level 23. HP: 239/239 MP: 25/25
 54067 | Depths:2 | Gained mutation: Your body is partially covered in golden eyeballs (Acc +3). [Jiyva's grace]
 54076 | Depths:2 | Lost mutation: You are very agile. (Dex +4) [Jiyva's grace]
 54130 | Depths:2 | Lost mutation: Your muscles are strong. (Str +2) [Jiyva's grace]
 54138 | Depths:2 | Lost mutation: Your skin is entirely transparent (Stealth, -foe acc). [Jiyva's grace]
 54138 | Depths:2 | Lost mutation: Your skin is mostly translucent (Stealth, -foe acc). [Jiyva's grace]
 54138 | Depths:2 | Lost mutation: Your skin is partially translucent (Stealth, -foe acc). [Jiyva's grace]
 54138 | Depths:2 | Gained mutation: Your skin changes colour to match your surroundings (Stealth). [Jiyva's grace]
 54160 | Depths:2 | Found a corrupted altar of Lugonu.
 54160 | Depths:2 | Found a one-way gate to the infinite horrors of the Abyss.
 54183 | Depths:2 | Gained mutation: You have a small jelly attached to you that senses nearby items. [Jiyva's grace]
 54488 | Depths:2 | Noticed a caustic shrike
 54500 | Depths:2 | a caustic shrike changed into an azure jelly
 54502 | Depths:2 | Gained mutation: Armour fits poorly on your massive pseudopods. [Jiyva's grace]
 54511 | Depths:2 | Slimified a caustic shrike
 54511 | Depths:2 | a caustic shrike changed into an azure jelly
 55016 | Depths:2 | Lost mutation: Armour fits poorly on your massive pseudopods. [Jiyva's grace]
 55464 | Depths:3 | Gained mutation: You are resistant to hostile enchantments. [Jiyva's grace]
 55479 | Depths:3 | Found a one-way gate leading to the halls of Pandemonium.
 55774 | Depths:3 | Lost mutation: You are covered in slimy tendrils that may disarm your opponents. [Jiyva's grace]
 55871 | Depths:3 | Lost mutation: You possess an exceptional clarity of mind. [Jiyva's grace]
 56010 | Depths:3 | Gained mutation: Your body is mostly covered in golden eyeballs (Acc +5). [Jiyva's grace]
 56728 | Depths:4 | Lost mutation: Armour fits poorly on your large pseudopods. [Jiyva's grace]
 56837 | Depths:4 | Noticed a caustic shrike
 56847 | Depths:4 | Killed a caustic shrike
 56847 | Depths:4 | Lost mutation: You are agile. (Dex +2) [Jiyva's grace]
 56869 | Depths:4 | Found a gateway to a ziggurat.
 57016 | Depths:4 | Noticed Margery
 57028 | Depths:4 | Killed Margery
 57028 | Depths:4 | Reached XP level 24. HP: 250/250 MP: 25/25
 57045 | Depths:4 | Lost mutation: Armour fits poorly on your pseudopods. [Jiyva's grace]
 57073 | Depths:4 | Gained mutation: Your mind is acute. (Int +2) [Jiyva's grace]
 57190 | Depths:4 | Noticed Saint Roka
 57213 | Depths:4 | Killed Saint Roka
 57382 | Depths:4 | Lost mutation: Your flesh is almost immune to the effects of cold. [Jiyva's grace]
 57480 | Depths:4 | Lost mutation: You have supernaturally acute eyesight. [Jiyva's grace]
 57852 | Depths:4 | Lost mutation: Your mind is acute. (Int +2) [Jiyva's grace]
 57864 | Depths:4 | Lost mutation: You are partially covered in rough black scales (AC +4, Dex -1). [Jiyva's grace]
 58028 | Depths:4 | Gained mutation: You are highly resistant to hostile enchantments. [Jiyva's grace]
 58251 | Depths:5 | Entered Level 5 of the Depths
 58441 | Depths:5 | Found a gate to the Realm of Zot.
 58464 | Depths:5 | Gained mutation: Your spells are a little harder to cast, but a little more powerful. [Jiyva's grace]
 58515 | Depths:5 | Lost mutation: Your flesh is very cold resistant. [Jiyva's grace]
 58617 | Depths:5 | Noticed a juggernaut
 58631 | Depths:5 | Killed a juggernaut
 58756 | Depths:5 | Reached skill level 15 in Armour
 58778 | Depths:5 | Lost mutation: Your spells are a little harder to cast, but a little more powerful. [Jiyva's grace]
 58793 | Depths:5 | Lost mutation: Your body is mostly covered in golden eyeballs (Acc +5). [Jiyva's grace]
 59330 | Depths:1 | Gained mutation: You are partially covered in yellow scales (AC +2). [Jiyva's grace]
 59342 | Depths:1 | Lost mutation: You are partially covered in slimy green scales (AC +2). [Jiyva's grace]
 59534 | Crypt:1  | Entered Level 1 of the Crypt
 59845 | Crypt:1  | Gained mutation: You have a moderately thin skeletal structure (Dex +4, Stealth+). [Jiyva's grace]
 60111 | Crypt:1  | Gained mutation: You have large cloven feet. [Jiyva's grace]
 60369 | Crypt:2  | Noticed Donald
 60384 | Crypt:2  | Killed Donald
 60386 | Crypt:2  | Killed the ghostly Donald
 60386 | Crypt:2  | Reached XP level 25. HP: 261/261 MP: 25/25
 60597 | Crypt:2  | Lost mutation: You have a small jelly attached to you that senses nearby items. [Jiyva's grace]
 60938 | Crypt:3  | Entered Level 3 of the Crypt
 60991 | Crypt:3  | Found a staircase to the Tomb.
 61136 | Crypt:3  | Gained mutation: You have hoof-like feet. [Jiyva's grace]
 61500 | Crypt:3  | Identified a +3 rod of ignition (11/11) (You found it on level 3 of the Crypt)
 61503 | Crypt:3  | Found a basalt altar of Yredelemnul.
 61772 | Swamp:2  | Lost mutation: You have hoof-like feet. [Jiyva's grace]
 61995 | Crypt:3  | Got a bound glass ring
 61995 | Crypt:3  | Got a warped turquoise ring
 61996 | Crypt:3  | Identified the ring "Ongagras" {rN+ Int+2} (You found it on level 3 of the Crypt)
 61998 | Crypt:3  | Got a slimy silver ring
 61999 | Crypt:3  | Identified the ring "Nyabecygg" {rElec rPois rN+ Int+8 Slay-4} (You found it on level 3 of the Crypt)
 62000 | Crypt:3  | Identified the ring of Prescription {rElec rC++ rN+} (You found it on level 3 of the Crypt)
 62074 | Crypt:3  | Identified the Volume of Damaging Venom
 62087 | Crypt:3  | Identified the Guide on Earthen Execration
 62394 | Tomb:1   | Entered Level 1 of the Tomb of the Ancients
 62830 | Tomb:1   | Lost mutation: Your body is partially covered in golden eyeballs (Acc +3). [Jiyva's grace]
 63111 | Tomb:1   | Noticed a greater mummy
 63123 | Tomb:1   | Slimified a greater mummy
 63123 | Tomb:1   | a greater mummy changed into a death ooze
 63488 | Tomb:1   | Noticed a greater mummy
 63506 | Tomb:1   | Slimified a greater mummy
 63506 | Tomb:1   | a greater mummy changed into a death ooze
 63516 | Tomb:1   | Gained mutation: You have acidic saliva. [Jiyva's grace]
 63557 | Tomb:1   | Noticed a greater mummy
 63594 | Tomb:1   | Killed a greater mummy
 64043 | Tomb:2   | Noticed a greater mummy
 64043 | Tomb:2   | Noticed an ancient lich
 64053 | Tomb:2   | Noticed a greater mummy
 64056 | Tomb:2   | Noticed a greater mummy
 64237 | Tomb:2   | Slimified a greater mummy
 64237 | Tomb:2   | a greater mummy changed into a death ooze
 64330 | Tomb:2   | Slimified a greater mummy
 64330 | Tomb:2   | a greater mummy changed into a death ooze
 64771 | Tomb:1   | Killed a greater mummy
 64917 | Tomb:1   | Killed an ancient lich
 65121 | Tomb:2   | Reached XP level 26. HP: 270/270 MP: 25/25
 65422 | Tomb:1   | Noticed a greater mummy
 65427 | Tomb:1   | Noticed a greater mummy
 65429 | Tomb:1   | Killed a greater mummy
 65433 | Tomb:1   | Noticed a greater mummy
 65434 | Tomb:1   | Killed a greater mummy
 65441 | Tomb:1   | Killed a greater mummy
 65482 | Tomb:1   | Noticed a greater mummy
 65499 | Tomb:1   | Killed a greater mummy
 65693 | Tomb:1   | Noticed a greater mummy
 65700 | Tomb:1   | Killed a greater mummy
 65739 | Tomb:1   | Noticed a greater mummy
 65748 | Tomb:1   | Killed a greater mummy
 65750 | Tomb:1   | Noticed a greater mummy
 65759 | Tomb:1   | Killed a greater mummy
 65797 | Tomb:1   | Noticed a greater mummy
 65938 | Tomb:1   | Killed a greater mummy
 65992 | Tomb:1   | Noticed a greater mummy
 66000 | Tomb:1   | Killed a greater mummy
 66041 | Tomb:1   | Noticed a greater mummy
 66114 | Tomb:1   | Killed a greater mummy
 66197 | Tomb:1   | Noticed a greater mummy
 66207 | Tomb:1   | Killed a greater mummy
 66389 | Tomb:1   | Noticed a greater mummy
 66391 | Tomb:1   | Noticed a greater mummy
 66405 | Tomb:1   | Killed a greater mummy
 66414 | Tomb:1   | Killed a greater mummy
 66528 | Tomb:1   | Noticed a greater mummy
 66536 | Tomb:1   | Killed a greater mummy
 66586 | Tomb:1   | Noticed a greater mummy
 66622 | Tomb:1   | Killed a greater mummy
 66634 | Tomb:1   | Noticed a greater mummy
 66647 | Tomb:1   | Killed a greater mummy
 66702 | Tomb:1   | Noticed a greater mummy
 66724 | Tomb:1   | Killed a greater mummy
 66770 | Tomb:1   | Noticed a greater mummy
 66780 | Tomb:1   | Killed a greater mummy
 66811 | Tomb:1   | Noticed a greater mummy
 66821 | Tomb:1   | Killed a greater mummy
 66990 | Tomb:1   | Noticed a greater mummy
 67001 | Tomb:1   | Killed a greater mummy
 67372 | Tomb:3   | Entered Level 3 of the Tomb of the Ancients
 67516 | Tomb:3   | Noticed a greater mummy
 67516 | Tomb:3   | Noticed a greater mummy
 67646 | Tomb:3   | Noticed a greater mummy
 67647 | Tomb:3   | Noticed a greater mummy
 67829 | Tomb:2   | Killed a greater mummy
 68023 | Tomb:2   | Killed a greater mummy
 68356 | Tomb:2   | Killed a greater mummy
 68361 | Tomb:2   | Killed a greater mummy
 68361 | Tomb:2   | Reached XP level 27. HP: 271/271 MP: 25/25
 68941 | Tomb:3   | Noticed Mara
 68951 | Tomb:3   | Noticed NoLuckNoSkill's illusion
 69027 | Tomb:3   | Noticed NoLuckNoSkill's illusion
 69030 | Tomb:3   | Killed Mara
 69084 | Tomb:3   | Lost mutation: You have a moderately thin skeletal structure (Dex +4, Stealth+). [Jiyva's grace]
 69109 | Tomb:3   | Noticed a greater mummy
 69109 | Tomb:3   | Gained mutation: Your rubbery body absorbs attacks (AC +1). [Jiyva's grace]
 69120 | Tomb:3   | Gained mutation: You regenerate. [Jiyva's grace]
 69121 | Tomb:3   | Killed a greater mummy
 69131 | Tomb:3   | Lost mutation: You have a somewhat thin skeletal structure (Dex +2, Stealth). [Jiyva's grace]
 69138 | Tomb:3   | Gained mutation: You have a small jelly attached to you that may absorb incoming projectiles. [Jiyva's grace]
 69150 | Tomb:3   | Lost mutation: Your flesh is cold resistant. [Jiyva's grace]
 69213 | Tomb:3   | Noticed a greater mummy
 69217 | Tomb:3   | Slimified a greater mummy
 69217 | Tomb:3   | a greater mummy changed into a death ooze
 69343 | Tomb:3   | Noticed a greater mummy
 69482 | Tomb:3   | Killed a greater mummy
 69839 | Tomb:3   | Got a flickering iron ring
 69840 | Tomb:3   | Identified the ring "Vati" {rCorr MP+9 Str+2 SInv} (You found it on level 3 of the Tomb of the Ancients)
 69850 | Tomb:3   | Identified the Compendium of Burning Poison
 69870 | Tomb:3   | Noticed a greater mummy
 69879 | Tomb:3   | Killed a greater mummy
 69942 | Tomb:3   | Lost mutation: You regenerate. [Jiyva's grace]
 69984 | Tomb:3   | Noticed a greater mummy
 69995 | Tomb:3   | Killed a greater mummy
 70006 | Tomb:3   | Got a golden rune of Zot
 70052 | Tomb:3   | Identified the Compendium of Noxious Displacement
 70056 | Tomb:3   | Got a warped steel ring
 70057 | Tomb:3   | Identified the ring "Trusted Companion" {rF+ Str+3} (You found it on level 3 of the Tomb of the Ancients)
 70062 | Tomb:3   | Identified the Incunabulum of Black Secrets
 70068 | Tomb:3   | Got a flickering copper ring
 70076 | Tomb:3   | Identified the ring "Ota Ysk" {+Fly rN+ Str-3 Int+10 Dex-2} (You found it on level 3 of the Tomb of the Ancients)
 70615 | Vaults:3 | Lost mutation: You are highly resistant to hostile enchantments. [Jiyva's grace]
 70905 | Zot:1    | Entered Level 1 of the Realm of Zot
 71461 | Zot:1    | Noticed an orb of fire
 71471 | Zot:1    | Gained mutation: You are partially covered in slimy green scales (AC +2). [an orb of fire]
 71477 | Zot:1    | Gained mutation: You are clumsy. (Dex -2) [an orb of fire]
 71482 | Zot:1    | Killed an orb of fire
 71613 | Zot:1    | Lost mutation: You are clumsy. (Dex -2) [Jiyva's power]
 71949 | Zot:1    | Gained mutation: You are weak. (Str -2) [Jiyva's grace]
 71950 | Zot:1    | Lost mutation: You are weak. (Str -2) [Jiyva's power]
 72427 | Zot:2    | Lost mutation: You have a small jelly attached to you that may absorb incoming projectiles. [Jiyva's grace]
 72472 | Zot:2    | Reached skill level 27 in Unarmed Combat
 72807 | Zot:2    | Gained mutation: Your pliable body absorbs attacks (AC +1, EV +1). [Jiyva's grace]
 73235 | Zot:3    | Lost mutation: Your pliable body absorbs attacks (AC +1, EV +1). [Jiyva's grace]
 73481 | Zot:3    | Noticed an orb of fire
 73482 | Zot:3    | Gained mutation: You are frail (-10% HP). [an orb of fire]
 73486 | Zot:3    | Gained mutation: You expend magic power (3 MP) to strengthen your wands. [an orb of fire]
 73487 | Zot:3    | Gained mutation: You are clumsy. (Dex -2) [an orb of fire]
 73491 | Zot:3    | Killed an orb of fire
 73501 | Zot:3    | Lost mutation: You are frail (-10% HP). [Jiyva's power]
 73502 | Zot:3    | Lost mutation: You are clumsy. (Dex -2) [Jiyva's power]
 74285 | Zot:4    | Gained mutation: Your body is partially covered in golden eyeballs (Acc +3). [Jiyva's grace]
 74424 | Zot:4    | Gained mutation: You are highly resistant to hostile enchantments. [Jiyva's grace]
 74900 | Zot:5    | Entered Level 5 of the Realm of Zot
 75267 | Zot:5    | Noticed an ancient lich
 75282 | Zot:5    | Killed an ancient lich
 75369 | Zot:5    | Lost mutation: You have acidic saliva. [Jiyva's grace]
 75454 | Zot:5    | Noticed an orb of fire
 75454 | Zot:5    | Noticed an orb of fire
 75454 | Zot:5    | Noticed an orb of fire
 75460 | Zot:5    | Gained mutation: Your movements are slightly less encumbered by armour (ER -2). [an orb of fire]
 75462 | Zot:5    | Noticed an ancient lich
 75468 | Zot:5    | Noticed an orb of fire
 75476 | Zot:5    | Gained mutation: Scrolls take you a little longer to read. [an orb of fire]
 75480 | Zot:5    | Gained mutation: Your spells are a little easier to cast, but a little less powerful. [an orb of fire]
 75481 | Zot:5    | Killed an orb of fire
 75486 | Zot:5    | Noticed an orb of fire
 75491 | Zot:5    | Killed an orb of fire
 75820 | Zot:5    | Noticed an orb of fire
 75823 | Zot:5    | Gained mutation: You are frail (-10% HP). [an orb of fire]
 75826 | Zot:5    | Gained mutation: Potions and wands are less effective at restoring your health. [an orb of fire]
 75830 | Zot:5    | Gained mutation: You are dopey. (Int -2) [an orb of fire]
 75835 | Zot:5    | Killed an orb of fire
 75841 | Zot:5    | Lost mutation: You are dopey. (Int -2) [Jiyva's power]
 75842 | Zot:5    | Lost mutation: You are frail (-10% HP). [Jiyva's power]
 75899 | Zot:5    | Lost mutation: You expend magic power (3 MP) to strengthen your wands. [Jiyva's grace]
 76123 | Zot:5    | Noticed an orb of fire
 76135 | Zot:5    | Gained mutation: You occasionally shout uncontrollably at your foes. [an orb of fire]
 76138 | Zot:5    | Killed an orb of fire
 76144 | Zot:5    | Killed an orb of fire
 76146 | Zot:5    | Gained mutation: Scrolls take you longer to read. [an orb of fire]
 76156 | Zot:5    | Gained mutation: You are weak. (Str -2) [an orb of fire]
 76264 | Zot:5    | Lost mutation: You are weak. (Str -2) [Jiyva's power]
 76265 | Zot:5    | Lost mutation: You occasionally shout uncontrollably at your foes. [Jiyva's power]
 76266 | Zot:5    | Lost mutation: Your spells are a little easier to cast, but a little less powerful. [Jiyva's power]
 76618 | Zot:5    | Gained mutation: You are dopey. (Int -2) [an orb of fire]
 76627 | Zot:5    | Gained mutation: Armour fits poorly on your strangely shaped body. [an orb of fire]
 76630 | Zot:5    | Killed an orb of fire
 76757 | Zot:5    | Lost mutation: You are highly resistant to hostile enchantments. [Jiyva's grace]
 76948 | Zot:5    | Killed an orb of fire
 76954 | Zot:5    | Lost mutation: You are dopey. (Int -2) [Jiyva's power]
 76985 | Zot:5    | Killed an ancient lich
 77287 | Depths:3 | Lost mutation: Your body is partially covered in golden eyeballs (Acc +3). [potion of cure mutation]
 77287 | Depths:3 | Lost mutation: You are resistant to hostile enchantments. [potion of cure mutation]
 77287 | Depths:3 | Lost mutation: Your rubbery body absorbs attacks (AC +1). [potion of cure mutation]
 77287 | Depths:3 | Lost mutation: Armour fits poorly on your strangely shaped body. [potion of cure mutation]
 77288 | Depths:3 | Lost mutation: Scrolls take you longer to read. [potion of cure mutation]
 77288 | Depths:3 | Lost mutation: You are partially covered in yellow scales (AC +2). [potion of cure mutation]
 77288 | Depths:3 | Lost mutation: Potions and wands are less effective at restoring your health. [potion of cure mutation]
 77288 | Depths:3 | Lost mutation: You have large cloven feet. [potion of cure mutation]
 77288 | Depths:3 | Lost mutation: Your skin changes colour to match your surroundings (Stealth). [potion of cure mutation]
 77291 | Pan      | Entered Pandemonium
 77334 | Pan      | Noticed Beicsuorph the pandemonium lord
 77352 | Pan      | Killed Beicsuorph the pandemonium lord
 77470 | Pan      | Lost mutation: Scrolls take you a little longer to read. [Jiyva's grace]
 77652 | Pan      | Gained mutation: You have sharp toenails. [Jiyva's grace]
 77862 | Pan      | Found an exit through the horrors of the Abyss.
 77954 | Pan      | Gained mutation: You have acidic saliva. [Jiyva's grace]
 78391 | Pan      | Found an exit through the horrors of the Abyss.
 78567 | Pan      | Gained mutation: You passively map a small area around you. [Jiyva's grace]
 78678 | Pan      | Lost mutation: You have acidic saliva. [Jiyva's grace]
 79260 | Pan      | Noticed Xeofidez the pandemonium lord
 79274 | Pan      | Killed Xeofidez the pandemonium lord
 79358 | Pan      | Gained mutation: Armour fits poorly on your pseudopods. [Jiyva's grace]
 79479 | Pan      | Identified a +3 rod of shadows (11/11) (You found it in Pandemonium)
 79570 | Pan      | Noticed Bal Adol the pandemonium lord
 79577 | Pan      | Killed Bal Adol the pandemonium lord
 79708 | Pan      | HP: 10/300 [burnt (6)]
 80071 | Pan      | Found an exit through the horrors of the Abyss.
 80408 | Pan      | Got a sheer robe
 80465 | Pan      | Gained mutation: You have acidic saliva. [Jiyva's grace]
 81160 | Pan      | Noticed Jyupuub the pandemonium lord
 81179 | Pan      | HP: 12/300 [soul eater (10)]
 81188 | Pan      | Killed Jyupuub the pandemonium lord
 81419 | Pan      | Found an exit through the horrors of the Abyss.
 81726 | Pan      | Gained mutation: You are dopey. (Int -2) [Jiyva's grace]
 81745 | Pan      | Identified the +1 robe of Hospitality {rC- Str+6 SInv Stlth+} (You took it off a red devil in Pandemonium)
 82060 | Pan      | Noticed Hodiq the pandemonium lord
 82066 | Pan      | Gained mutation: You are very dopey. (Int -4) [a cacodemon]
 82170 | Pan      | Gained mutation: You are frail (-10% HP). [Jiyva's grace]
 82539 | Pan      | Gained mutation: You are partially covered in large bone plates (AC +2, SH +2). [Jiyva's grace]
 82544 | Pan      | Lost mutation: You are frail (-10% HP). [Jiyva's power]
 82545 | Pan      | Lost mutation: You are very dopey. (Int -4) [Jiyva's power]
 82756 | Pan      | Found an exit through the horrors of the Abyss.
 82773 | Pan      | Killed Hodiq the pandemonium lord
 83499 | Pan      | Entered the realm of Lom Lobon.
 83720 | Pan      | Found an exit through the horrors of the Abyss.
 83760 | Pan      | Gained mutation: You have razor-sharp toenails. [Jiyva's grace]
 83865 | Pan      | Got a vibrating silver ring
 83893 | Pan      | Identified the ring "Neakha" {rCorr Str+6} (You found it in Pandemonium)
 84145 | Pan      | Noticed Lom Lobon
 84179 | Pan      | Killed Lom Lobon
 84223 | Pan      | Got a magical rune of Zot
 85099 | Pan      | Found an exit through the horrors of the Abyss.
 85279 | Pan      | Lost mutation: You are dopey. (Int -2) [Jiyva's grace]
 86061 | Pan      | Found an exit through the horrors of the Abyss.
 86162 | Pan      | Gained mutation: You are surrounded by a mild repulsion field (EV +2). [Jiyva's grace]
 86167 | Pan      | Gained mutation: You have a small jelly attached to you that senses nearby items. [Jiyva's grace]
 86169 | Pan      | Lost mutation: Your movements are slightly less encumbered by armour (ER -2). [Jiyva's grace]
 86206 | Pan      | Lost mutation: You have razor-sharp toenails. [Jiyva's grace]
 86242 | Pan      | Noticed Oguts the pandemonium lord
 86247 | Pan      | Killed Oguts the pandemonium lord
 86738 | Pan      | Gained mutation: Your body sometimes deteriorates upon taking damage. [a cacodemon]
 86885 | Pan      | Lost mutation: You have sharp toenails. [Jiyva's grace]
 86903 | Pan      | Gained mutation: You passively map the area around you. [Jiyva's grace]
 87086 | Pan      | Lost mutation: Your body sometimes deteriorates upon taking damage. [Jiyva's power]
 87222 | Pan      | Noticed Citathay the pandemonium lord
 87232 | Pan      | Cast into level 5 of the Abyss (Citathay)
 87232 | Abyss:5  | Entered Level 5 of the Abyss
 87354 | Abyss:5  | Found a corrupted altar of Lugonu.
 87374 | Pan      | Escaped the Abyss
 87403 | Pan      | Killed Citathay the pandemonium lord
 87455 | Pan      | Got a demonic rune of Zot
 87747 | Pan      | Found an exit through the horrors of the Abyss.
 88084 | Pan      | Found an exit through the horrors of the Abyss.
 88102 | Pan      | Noticed Sysipt the pandemonium lord
 88139 | Pan      | Killed Sysipt the pandemonium lord
 88769 | Pan      | Noticed Cifer the pandemonium lord
 88780 | Pan      | Killed Cifer the pandemonium lord
 88866 | Pan      | Lost mutation: You passively map the area around you. [Jiyva's grace]
 89063 | Pan      | Gained mutation: You have a pair of small horns on your head. [Jiyva's grace]
 89182 | Pan      | Found an exit through the horrors of the Abyss.
 89488 | Pan      | Lost mutation: You are partially covered in slimy green scales (AC +2). [Jiyva's grace]
 89641 | Pan      | Gained mutation: Your system is resistant to poisons. [Jiyva's grace]
 89659 | Pan      | Lost mutation: You have a small jelly attached to you that senses nearby items. [Jiyva's grace]
 89736 | Pan      | Found a glowing silver altar of Zin.
 89838 | Pan      | Lost mutation: You have a pair of small horns on your head. [Jiyva's grace]
 90223 | Pan      | Noticed a seraph
 90605 | Pan      | Killed a seraph
 90700 | Pan      | Found a glowing golden altar of the Shining One.
 90758 | Pan      | Identified the Reference Book on Helpful Conjuration
 91051 | Pan      | Gained mutation: Your flesh is heat resistant. [Jiyva's grace]
 91064 | Pan      | Gained mutation: Your body is partially covered in golden eyeballs (Acc +3). [Jiyva's grace]
 91076 | Pan      | Lost mutation: Your body is partially covered in golden eyeballs (Acc +3). [Jiyva's grace]
 91194 | Pan      | Gained mutation: Your rubbery body absorbs attacks (AC +1). [Jiyva's grace]
 91620 | Pan      | Gained mutation: Your body is partially covered in golden eyeballs (Acc +3). [Jiyva's grace]
 92021 | Pan      | Gained mutation: You have supernaturally acute eyesight. [Jiyva's grace]
 92026 | Pan      | Entered the realm of Gloorx Vloq.
 92115 | Pan      | Noticed Gloorx Vloq
 92127 | Pan      | Killed Gloorx Vloq
 92349 | Pan      | Got a dark rune of Zot
 92666 | Pan      | Found an exit through the horrors of the Abyss.
 92923 | Vaults:2 | Gained mutation: You have a small jelly attached to you that senses nearby items. [Jiyva's grace]
 93270 | Pan      | Noticed Fitsodep the pandemonium lord
 93278 | Pan      | Killed Fitsodep the pandemonium lord
 93344 | Pan      | Found an exit through the horrors of the Abyss.
 93726 | Pan      | Gained mutation: Your pliable body absorbs attacks (AC +1, EV +1). [Jiyva's grace]
 93825 | Pan      | Noticed Labia the pandemonium lord
 93834 | Pan      | Killed Labia the pandemonium lord
 94308 | Pan      | Found an exit through the horrors of the Abyss.
 94675 | Pan      | Gained mutation: You are clumsy. (Dex -2) [a neqoxec]
 94822 | Pan      | Gained mutation: Your magical capacity is low (-10% MP). [a neqoxec]
 94846 | Pan      | Gained mutation: You are weak. (Str -2) [a neqoxec]
 95047 | Pan      | Noticed Untiov the pandemonium lord
 95074 | Pan      | Killed Untiov the pandemonium lord
 95079 | Pan      | Lost mutation: You have supernaturally acute eyesight. [a neqoxec]
 95088 | Pan      | Lost mutation: You are weak. (Str -2) [Jiyva's power]
 95089 | Pan      | Lost mutation: You are clumsy. (Dex -2) [Jiyva's power]
 95090 | Pan      | Lost mutation: Your magical capacity is low (-10% MP). [Jiyva's power]
 95108 | Pan      | Found an exit through the horrors of the Abyss.
 95211 | Pan      | Lost mutation: Armour fits poorly on your pseudopods. [Jiyva's grace]
 95220 | Pan      | Gained mutation: Your muscles are strong. (Str +2) [Jiyva's grace]
 95271 | Pan      | Gained mutation: You regenerate. [Jiyva's grace]
 95409 | Pan      | Gained mutation: You are frail (-10% HP). [a cacodemon]
 95419 | Pan      | Lost mutation: You are frail (-10% HP). [Jiyva's power]
 95481 | Pan      | Gained mutation: Your body sometimes deteriorates upon taking damage. [a cacodemon]
 95486 | Pan      | Gained mutation: Your body often deteriorates upon taking damage. [a cacodemon]
 95502 | Pan      | Lost mutation: Your body often deteriorates upon taking damage. [Jiyva's power]
 95503 | Pan      | Lost mutation: Your body sometimes deteriorates upon taking damage. [Jiyva's power]
 95659 | Pan      | Gained mutation: You have a pair of small horns on your head. [Jiyva's grace]
 95715 | Pan      | Lost mutation: Your pliable body absorbs attacks (AC +1, EV +1). [Jiyva's grace]
 95802 | Pan      | Noticed Siqyd the pandemonium lord
 95813 | Pan      | Killed Siqyd the pandemonium lord
 95909 | Pan      | Gained mutation: Your skin is partially translucent (Stealth, -foe acc). [Jiyva's grace]
 96034 | Pan      | Gained mutation: You have an increased reservoir of magic (+10% MP). [potion of mutation]
 96195 | Pan      | Found an exit through the horrors of the Abyss.
 96581 | Pan      | Gained mutation: Your spells are a little easier to cast, but a little less powerful. [a cacodemon]
 96675 | Pan      | Found an exit through the horrors of the Abyss.
 96753 | Pan      | Noticed Keniqor the pandemonium lord
 97174 | Pan      | Gained mutation: Armour fits poorly on your pseudopods. [Jiyva's grace]
 97220 | Pan      | Noticed Kazedwo the pandemonium lord
 97229 | Pan      | Killed Kazedwo the pandemonium lord
 97316 | Pan      | Found an exit through the horrors of the Abyss.
 97422 | Pan      | Gained mutation: You are partially covered in rough black scales (AC +4, Dex -1). [Jiyva's grace]
 98580 | Pan      | Found an exit through the horrors of the Abyss.
 98635 | Pan      | Gained mutation: You are resistant to hostile enchantments. [Jiyva's grace]
 98850 | Pan      | Noticed Xeygymm the pandemonium lord
 98873 | Pan      | Killed Xeygymm the pandemonium lord
 99270 | Pan      | Found an exit through the horrors of the Abyss.
 99302 | Pan      | Noticed Gorhosih the pandemonium lord
 99332 | Pan      | Killed Gorhosih the pandemonium lord
 99864 | Pan      | Lost mutation: Your flesh is heat resistant. [Jiyva's grace]
100432 | Pan      | Found an exit through the horrors of the Abyss.
100534 | Pan      | Found a runed door.
100739 | Pan      | Noticed Voneell the pandemonium lord
100758 | Pan      | Killed Voneell the pandemonium lord
101183 | Pan      | Gained mutation: You tend to lose your temper in combat. [a neqoxec]
101386 | Pan      | Lost mutation: You tend to lose your temper in combat. [Jiyva's power]
101642 | Pan      | Gained mutation: Armour fits poorly on your large pseudopods. [Jiyva's grace]
101701 | Pan      | Found an exit through the horrors of the Abyss.
101920 | Pan      | Noticed Forirare the pandemonium lord
101933 | Pan      | Killed Forirare the pandemonium lord
102219 | Pan      | Noticed Qeotzuth the pandemonium lord
102262 | Pan      | Killed Qeotzuth the pandemonium lord
102322 | Pan      | Lost mutation: You are resistant to hostile enchantments. [Jiyva's grace]
102648 | Pan      | Found an exit through the horrors of the Abyss.
102729 | Pan      | Gained mutation: You tend to lose your temper in combat. [a neqoxec]
102756 | Pan      | Lost mutation: Your spells are a little easier to cast, but a little less powerful. [Jiyva's power]
102757 | Pan      | Lost mutation: You tend to lose your temper in combat. [Jiyva's power]
103151 | Pan      | Noticed Qaowuc the pandemonium lord
103197 | Pan      | Killed Qaowuc the pandemonium lord
103487 | Pan      | Lost mutation: You have a pair of small horns on your head. [Jiyva's grace]
103567 | Pan      | Found an exit through the horrors of the Abyss.
103726 | Pan      | Entered the realm of Mnoleg.
103810 | Pan      | Lost mutation: Your rubbery body absorbs attacks (AC +1). [Jiyva's grace]
103890 | Pan      | Gained mutation: You occasionally shout uncontrollably at your foes. [a neqoxec]
103976 | Pan      | Found an exit through the horrors of the Abyss.
103980 | Pan      | Gained mutation: You sometimes yell uncontrollably at your foes. [a neqoxec]
103982 | Pan      | Gained mutation: Scrolls take you a little longer to read. [a neqoxec]
104092 | Pan      | Lost mutation: Scrolls take you a little longer to read. [Jiyva's power]
104117 | Pan      | Gained mutation: Your body sometimes deteriorates upon taking damage. [a neqoxec]
104125 | Pan      | Gained mutation: You frequently scream uncontrollably at your foes. [a cacodemon]
104133 | Pan      | Lost mutation: Your body sometimes deteriorates upon taking damage. [Jiyva's power]
104225 | Pan      | Reached skill level 27 in Fighting
104253 | Pan      | Gained mutation: You are dopey. (Int -2) [a neqoxec]
104312 | Pan      | Lost mutation: Your muscles are strong. (Str +2) [a cacodemon]
104321 | Pan      | Gained mutation: Your body sometimes deteriorates upon taking damage. [a cacodemon]
104324 | Pan      | Gained mutation: Your body often deteriorates upon taking damage. [a neqoxec]
104332 | Pan      | Gained mutation: Scrolls take you a little longer to read. [a neqoxec]
104352 | Pan      | Lost mutation: Your body often deteriorates upon taking damage. [Jiyva's power]
104353 | Pan      | Lost mutation: You are dopey. (Int -2) [Jiyva's power]
104441 | Pan      | Lost mutation: You have acidic saliva. [mutagenic meat]
104472 | Pan      | Noticed Mnoleg
104486 | Pan      | Killed Mnoleg
104497 | Pan      | Gained mutation: Scrolls take you longer to read. [a cacodemon]
104515 | Pan      | Gained mutation: You tend to lose your temper in combat. [a cacodemon]
104601 | Pan      | Gained mutation: You are dopey. (Int -2) [a neqoxec]
104840 | Pan      | Got a glowing rune of Zot
104913 | Pan      | Gained mutation: Armour fits poorly on your strangely shaped body. [a neqoxec]
105095 | Pan      | Gained mutation: Scrolls take you much longer to read. [a cacodemon]
105163 | Pan      | Lost mutation: You are dopey. (Int -2) [Jiyva's grace]
105325 | Pan      | Found an exit through the horrors of the Abyss.
105468 | Pan      | Noticed Nealiuvvimo the pandemonium lord
105486 | Pan      | Killed Nealiuvvimo the pandemonium lord
105981 | Pan      | Lost mutation: You have a small jelly attached to you that senses nearby items. [Jiyva's grace]
106012 | Pan      | Noticed Limorruu the pandemonium lord
106029 | Pan      | Killed Limorruu the pandemonium lord
106073 | Pan      | Lost mutation: Your body sometimes deteriorates upon taking damage. [Jiyva's power]
106074 | Pan      | Lost mutation: You tend to lose your temper in combat. [Jiyva's power]
106143 | Pan      | Found an exit through the horrors of the Abyss.
106401 | Pan      | Gained mutation: You expend magic power (3 MP) to strengthen your wands. [a neqoxec]
106406 | Pan      | Lost mutation: You have an increased reservoir of magic (+10% MP). [a neqoxec]
106607 | Pan      | Gained mutation: Your mind is acute. (Int +2) [Jiyva's grace]
107046 | Pan      | Noticed Emeivah the pandemonium lord
107167 | Pan      | Killed Emeivah the pandemonium lord
107310 | Pan      | Found an exit through the horrors of the Abyss.
108151 | Pan      | Lost mutation: Your system is resistant to poisons. [Jiyva's grace]
108424 | Pan      | Found an exit through the horrors of the Abyss.
108441 | Pan      | Lost mutation: Your body is partially covered in golden eyeballs (Acc +3). [Jiyva's grace]
108546 | Pan      | Lost mutation: Armour fits poorly on your strangely shaped body. [Jiyva's grace]
108547 | Pan      | Lost mutation: You frequently scream uncontrollably at your foes. [Jiyva's power]
108548 | Pan      | Lost mutation: You expend magic power (3 MP) to strengthen your wands. [Jiyva's power]
108549 | Pan      | Lost mutation: You sometimes yell uncontrollably at your foes. [Jiyva's power]
108617 | Pan      | Found a huge runed gate.
108617 | Pan      | Found a huge runed gate.
108617 | Pan      | Found a huge runed gate.
108617 | Pan      | Found a huge runed gate.
108617 | Pan      | Found a huge runed gate.
108617 | Pan      | Found a huge runed gate.
108617 | Pan      | Found a huge runed gate.
108657 | Pan      | Noticed Vachakh the pandemonium lord
108796 | Pan      | Found an exit through the horrors of the Abyss.
108854 | Pan      | Killed Vachakh the pandemonium lord
109151 | Pan      | Gained mutation: Your flesh is cold resistant. [Jiyva's grace]
109591 | Pan      | Lost mutation: Scrolls take you much longer to read. [Jiyva's grace]
109591 | Pan      | Lost mutation: Scrolls take you longer to read. [Jiyva's grace]
109591 | Pan      | Lost mutation: Scrolls take you a little longer to read. [Jiyva's grace]
109591 | Pan      | Gained mutation: You have supernaturally acute eyesight. [Jiyva's grace]
109622 | Pan      | Noticed Ligh the pandemonium lord
109636 | Pan      | Killed Ligh the pandemonium lord
109675 | Pan      | Lost mutation: You occasionally shout uncontrollably at your foes. [Jiyva's grace]
109943 | Pan      | Found an exit through the horrors of the Abyss.
110844 | Pan      | Found an exit through the horrors of the Abyss.
110851 | Pan      | Gained mutation: Your mind is very acute. (Int +4) [potion of beneficial mutation]
110877 | Pan      | Noticed Gujics the pandemonium lord
110890 | Pan      | Killed Gujics the pandemonium lord
111229 | Pan      | Lost mutation: You passively map a small area around you. [Jiyva's grace]
111437 | Pan      | Found an exit through the horrors of the Abyss.
111463 | Pan      | Noticed Cuduserr the pandemonium lord
111465 | Pan      | Gained mutation: Armour fits poorly on your strangely shaped body. [a cacodemon]
111466 | Pan      | Gained mutation: You occasionally shout uncontrollably at your foes. [a cacodemon]
111475 | Pan      | Killed Cuduserr the pandemonium lord
111814 | Pan      | Lost mutation: You occasionally shout uncontrollably at your foes. [Jiyva's power]
111815 | Pan      | Lost mutation: Armour fits poorly on your strangely shaped body. [Jiyva's power]
112084 | Pan      | Entered the realm of Cerebov.
112186 | Pan      | Lost mutation: Your skin is partially translucent (Stealth, -foe acc). [Jiyva's grace]
112251 | Pan      | Gained mutation: You have a small jelly attached to you that may absorb incoming projectiles. [Jiyva's grace]
112260 | Pan      | Gained mutation: You have a pair of small horns on your head. [Jiyva's grace]
112389 | Pan      | Noticed Cerebov
112553 | Pan      | Killed Cerebov
112605 | Pan      | Got a fiery rune of Zot
112674 | Pan      | Gained mutation: Your system is resistant to poisons. [Jiyva's grace]
112732 | Pan      | Identified a +3 rod of inaccuracy (13/13) (You found it in Pandemonium)
112762 | Pan      | Identified the Tome of Fiery Hexes
112894 | Pan      | Lost mutation: Your system is resistant to poisons. [Jiyva's grace]
113061 | Pan      | Reached skill level 5 in Evocations
113107 | Pan      | Found an exit through the horrors of the Abyss.
113445 | Pan      | Lost mutation: You are surrounded by a mild repulsion field (EV +2). [Jiyva's grace]
113594 | Pan      | Noticed Dyehefu the pandemonium lord
113627 | Pan      | Killed Dyehefu the pandemonium lord
113650 | Depths:3 | Escaped Pandemonium
113821 | D:12     | Bought 5 fruits for 90 gold pieces
113821 | D:12     | Bought a beef jerky for 18 gold pieces
113821 | D:12     | Bought a beef jerky for 18 gold pieces
113821 | D:12     | Bought a royal jelly for 24 gold pieces
113821 | D:12     | Bought a beef jerky for 18 gold pieces
113821 | D:12     | Bought a bread ration for 60 gold pieces
113821 | D:12     | Bought a bread ration for 60 gold pieces
113821 | D:12     | Bought a meat ration for 60 gold pieces
113821 | D:12     | Bought 4 fruits for 72 gold pieces
113821 | D:12     | Bought a bread ration for 60 gold pieces
113947 | Hell     | Entered the Vestibule of Hell
113947 | Hell     | Noticed Geryon
113969 | Hell     | Cast into level 3 of the Abyss (hell knight)
114100 | Hell     | Escaped the Abyss
114111 | Hell     | Killed Geryon
114244 | Hell     | Found a gateway to the ashen valley of Gehenna.
114291 | Hell     | Gained mutation: Your flesh is heat resistant. [Jiyva's grace]
114304 | Hell     | Gained mutation: Your body is partially covered in golden eyeballs (Acc +3). [Jiyva's grace]
114418 | Hell     | Gained mutation: Your muscles are strong. (Str +2) [Jiyva's grace]
114421 | Hell     | Gained mutation: You have an increased reservoir of magic (+10% MP). [Jiyva's grace]
114468 | Hell     | Found a gateway to the decaying netherworld of Tartarus.
114566 | Hell     | Found a gateway to the freezing wastes of Cocytus.
114690 | Hell     | Found a gateway to the Iron City of Dis.
114866 | Tar:1    | Entered Level 1 of Tartarus
114950 | Geh:1    | Entered Level 1 of Gehenna
114998 | Geh:1    | You fall through a shaft!
115166 | Geh:2    | You fall through a shaft!
115378 | Geh:5    | Gained mutation: You are partially covered in yellow scales (AC +2). [Jiyva's grace]
115392 | Geh:5    | Lost mutation: Your body is partially covered in golden eyeballs (Acc +3). [Jiyva's grace]
115399 | Geh:5    | Gained mutation: You have large cloven feet. [Jiyva's grace]
115576 | Geh:7    | Entered Level 7 of Gehenna
115804 | Geh:7    | Gained mutation: You evolve. [Jiyva's grace]
115919 | Geh:7    | Gained mutation: Your body is partially covered in golden eyeballs (Acc +3). [Jiyva's grace]
115956 | Geh:7    | Lost mutation: Your flesh is cold resistant. [Jiyva's grace]
115994 | Geh:7    | Gained mutation: You have hoof-like feet. [Jiyva's grace]
116031 | Geh:7    | Noticed Asmodeus
116247 | Geh:7    | Lost mutation: You regenerate. [Jiyva's grace]
116329 | Geh:7    | Reached skill level 10 in Evocations
116447 | Geh:7    | Killed Asmodeus
116467 | Geh:7    | Got an obsidian rune of Zot
116922 | Tar:1    | Gained mutation: Your rubbery body absorbs attacks (AC +1). [Jiyva's grace]
117630 | Tar:4    | Reached skill level 27 in Armour
118378 | Tar:7    | Entered Level 7 of Tartarus
118381 | Tar:7    | Noticed an ancient lich
118398 | Tar:7    | Killed an ancient lich
118412 | Tar:7    | Reached skill level 1 in Spellcasting
118499 | Tar:7    | Noticed an ancient lich
118507 | Tar:7    | Killed an ancient lich
118522 | Tar:7    | Lost mutation: You have a small jelly attached to you that may absorb incoming projectiles. [Jiyva's grace]
118922 | Tar:7    | Noticed the Serpent of Hell
118933 | Tar:7    | Killed the Serpent of Hell
119018 | Tar:7    | Noticed an ancient lich
119027 | Tar:7    | Killed an ancient lich
119158 | Tar:7    | Gained mutation: You have a pair of horns on your head. [Jiyva's grace]
119377 | Tar:7    | Noticed Ereshkigal
119396 | Tar:7    | Killed Ereshkigal
119436 | Tar:7    | Got a bone rune of Zot
119591 | Tar:7    | Gained mutation: You have acidic saliva. [Jiyva's grace]
119701 | Tar:7    | Gained mutation: Your body is mostly covered in golden eyeballs (Acc +5). [Jiyva's grace]
119915 | Coc:1    | Entered Level 1 of Cocytus
119956 | Coc:2    | Reached skill level 27 in Dodging
120570 | Coc:7    | Entered Level 7 of Cocytus
120812 | Coc:7    | Lost mutation: Armour fits poorly on your large pseudopods. [Jiyva's grace]
121201 | Coc:7    | Noticed Antaeus
121232 | Coc:7    | Killed Antaeus
121254 | Coc:7    | Got an icy rune of Zot
121331 | Dis:1    | Entered Level 1 of the Iron City of Dis
121639 | Dis:6    | Paralysed by the power of Zot for 2 turns
121723 | Dis:7    | Entered Level 7 of the Iron City of Dis
122583 | Dis:7    | Reached skill level 15 in Evocations
122737 | Dis:7    | Gained mutation: Your body is completely covered in golden eyeballs (Acc +7, SInv). [Jiyva's grace]
123006 | Dis:7    | Gained mutation: You possess an exceptional clarity of mind. [Jiyva's grace]
123062 | Dis:7    | Lost mutation: Your mind is very acute. (Int +4) [Jiyva's grace]
123369 | Dis:7    | Noticed Dispater
123400 | Dis:7    | Killed Dispater
123574 | Dis:7    | Got an iron rune of Zot
124022 | Zot:5    | Gained mutation: You rapidly evolve. [Jiyva's grace]
124136 | Zot:5    | Got the Orb of Zot
124188 | Zot:5    | Noticed Cetwi the pandemonium lord
124205 | Zot:5    | Killed Cetwi the pandemonium lord
124271 | Zot:3    | Noticed Pingot the pandemonium lord
124411 | Depths:4 | Lost mutation: Your muscles are strong. (Str +2) [a cacodemon]
124591 | Depths:1 | Noticed Voxtaixyr the pandemonium lord
124639 | D:14     | Lost mutation: You have an increased reservoir of magic (+10% MP). [a neqoxec]
124883 | D:$      | Escaped with the Orb!

Skill      XL: |  1  2  3  4  5  6  7  8  9 10 11 12 13 14 15 16 17 18 19 20 21 22 23 24 25 26 27 |
---------------+----------------------------------------------------------------------------------+-----
Unarmed Combat | 5 6 7 9 11 12 14 15 16 17 18 19 20 21 22 23 24 25 27 | 27.0
Dodging        | 3 4 5 6 7 8 9 10 11 12 13 14 15 16 17 18 27 | 27.0
Fighting       | 3 4 5 6 7 8 9 10 11 12 13 14 15 16 17 18 27 | 27.0
Evocations     | 2 3 4 15 | 15.9
Armour         | 5 7 9 10 11 12 13 14 15 16 27 | 27.0
Shields        | 5 10 11 12 13 15 25 | 25.6
Spellcasting   | 4 |  4.6
Stealth        | |  1.1

Action                   |  1- 3 |  4- 6 |  7- 9 | 10-12 | 13-15 | 16-18 | 19-21 | 22-24 | 25-27 || total
-------------------------+-------+-------+-------+-------+-------+-------+-------+-------+-------++-------
Melee: Unarmed           |    98 |   159 |   224 |   515 |  1234 |  2491 |  1537 |  1777 | 11154 || 19189
       Punch             |     2 |       |     7 |    58 |   102 |       |       |       |       ||   169
       Headbutt          |       |       |    40 |   155 |   360 |   342 |       |       |  1324 ||  2221
       Kick              |       |       |    23 |   221 |   512 |   484 |   534 |     7 |  3051 ||  4832
       Peck              |       |       |       |       |   226 |   732 |   512 |   612 |  3274 ||  5356
       Bite              |       |       |       |       |       |   149 |    19 |    20 |  1200 ||  1388
       Pseudopods        |       |       |       |       |       |    44 |   469 |   433 |  2111 ||  3057
Invok: Jelly Paralyse    |       |       |       |       |     4 |       |     2 |     2 |       ||     8
       Cure Bad Mutation |       |       |       |       |     3 |     3 |       |       |    35 ||    41
       Request Jelly     |       |       |       |       |     2 |       |       |       |       ||     2
       Slimify           |       |       |       |       |       |       |     3 |     8 |    12 ||    23
Evoke: Wand              |       |       |       |    19 |     5 |     1 |       |     2 |    24 ||    51
  Use: Scroll            |       |       |    15 |     8 |    12 |    11 |    13 |     4 |    67 ||   130
       Potion            |       |       |    13 |     3 |     4 |    10 |     6 |     1 |    53 ||    90
 Stab: Sleeping          |     4 |     1 |     3 |     5 |     3 |    11 |       |       |       ||    27
       Distracted        |       |       |       |     1 |     2 |     4 |     3 |     1 |     7 ||    18
       Held in net/web   |       |       |       |       |       |     2 |       |       |       ||     2
       Confused          |       |       |       |       |       |    15 |    20 |    30 |    51 ||   116
       Invisible         |       |       |       |       |       |       |     1 |       |     1 ||     2
       Paralysed         |       |       |       |       |       |       |     2 |       |       ||     2
  Eat: Chunk             |    12 |    23 |    37 |    68 |    52 |    35 |    48 |    59 |   312 ||   646
       Pizza             |       |       |       |     8 |       |     1 |     3 |       |     5 ||    17
       Beef jerky        |       |       |       |       |    10 |     1 |       |       |    17 ||    28
       Fruit             |       |       |       |       |     3 |     6 |       |       |    49 ||    58
       Royal jelly       |       |       |       |       |       |       |       |       |     9 ||     9
       Meat ration       |       |       |       |       |       |       |       |       |    22 ||    22
       Bread ration      |       |       |       |       |       |       |       |       |    27 ||    27
Armor: Robe              |    38 |    65 |    60 |   136 |    18 |       |       |       |       ||   317
       Storm dragon armo |       |       |       |       |   730 |   256 |   302 |       |       ||  1288
       Fire dragon armou |       |       |       |       |    20 |       |    98 |   433 |   499 ||  1050
       Swamp dragon armo |       |       |       |       |    97 |   363 |       |       |       ||   460
       Gold dragon armou |       |       |       |       |       |       |       |       |  2995 ||  2995
Dodge: Dodged            |    45 |   113 |   116 |   367 |   908 |   887 |   500 |   874 |  3707 ||  7517
Block: Large shield      |       |       |       |       |   146 |  2054 |  1408 |   397 |       ||  4005
       Shield            |       |       |       |       |       |       |       |   810 |  7244 ||  8054
       Reflection        |       |       |       |       |       |       |       |    34 |   147 ||   181
